 Dungeon Crawl Stone Soup version 0.18.1-6-gd335043 (webtiles) character file.

424759 oplop the Spry (level 22, -1/165 HPs)
             Began as a Vampire Enchanter on May 17, 2016.
             Was the Champion of Ashenzari.
             Slain by a salamander stormcaller
             ... wielding a +0 halberd
              (13 damage)
             ... in the Vestibule of Hell on May 18, 2016.
             The game lasted 04:36:58 (51820 turns).

oplop the Spry (Vampire Enchanter)                 Turns: 51820, Time: 04:36:59

Health: -1/165     AC: 20    Str: 18      XL:     22   Next: 72%
Magic:  33/59      EV: 34    Int: 26      God:    Ashenzari [******]
Gold:   406        SH:  9    Dex: 26 (29) Spells: 13 memorised, 2 levels left

rFire  + + +     SeeInvis +     C - +10 dagger of Fedhas {drain, MP+9 Str+3}
rCold  + + +     Gourm    .     I - +1 robe {Archmagi} (curse)
rNeg   + + +     Faith    .     x - +0 buckler (curse)
rPois  ∞         Spirit   .     Z - +3 hat of Pondering {ponderous, MR+ MP+10 Int+5} (curse)
rElec  +         Dismiss  .     r - +1 cloak (curse)
rCorr  +         Reflect  .     u - +1 pair of gloves {Dex+3}
SustAt .         Harm     .     y - +0 pair of boots
MR     +++..     Clarity  +     n - amulet of regeneration (curse)
Stlth  ++++++++++               E - ring "Xyazxuyl" {*Corrode rF++ rN+} (curse)
                                v - ring of Disaster {*Confuse rN+ AC+5 Str+7 SInv} (curse)

@: resistant, very slightly contaminated, bloodless, non-regenerating, studying
Fighting, slow, extremely resistant to hostile enchantments, uncannily stealthy
A: fangs 3, horns 1, talons 1, thin skeletal structure 1, yellow scales 1, see
invisible, agile 1, clarity, clever 1, deterioration 1, shaggy fur 2,
unbreathing, evolution 1, sturdy frame 1
a: Bat Form, Curse Item, Scrying, Transfer Knowledge, Renounce Religion
}: 2/15 runes: decaying, gossamer


You were in the Vestibule of Hell.
You worshipped Ashenzari.
Ashenzari was exalted by your worship.
You were bloodless.

You visited 10 branches of the dungeon, and saw 45 of its levels.
You visited the Abyss 1 time.
You also visited: Ice Cave.

You collected 5786 gold pieces.
You spent 5380 gold pieces at shops.

Inventory:

Hand Weapons
 o - a cursed +7 quick blade
 C - the +10 dagger of Fedhas (weapon) {drain, MP+9 Str+3}
   (You found it on level 3 of the Elven Halls)

   A truly terrible weapon, it drains the life of those it strikes.
   It affects your strength (+3).
   It affects your magic capacity (+9).
Missiles
 c - 4 needles of paralysis
 w - 8 needles of confusion
 D - 10 curare-tipped needles
 P - 7 throwing nets (quivered)
 U - 3 needles of sleeping
Armour
 r - a cursed +1 cloak (worn)
 u - a +1 pair of gloves of dexterity (worn)
 x - a cursed +0 buckler (worn)
 y - a +0 pair of boots (worn)
 I - a cursed +1 robe of the Archmagi (worn)
 Z - the cursed +3 hat of Pondering (worn) {ponderous, MR+ MP+10 Int+5}
   (You bought it in a shop on level 3 of the Elven Halls)

   It affects your intelligence (+5).
   It affects your resistance to hostile enchantments.
   It affects your magic capacity (+10).
   It has a curse placed upon it.
Jewellery
 a - an uncursed ring of protection from cold
 n - a cursed amulet of regeneration (around neck)
 v - the cursed ring of Disaster (left hand) {*Confuse rN+ AC+5 Str+7 SInv}
   (You found it on level 1 of the Vaults)

   [ring of protection]

   It affects your AC (+5).
   It affects your strength (+7).
   It protects you from negative energy.
   It lets you see invisible.
   It may confuse you when you take damage.
   It has a curse placed upon it.
 A - an uncursed amulet of rage
 E - the cursed ring "Xyazxuyl" (right hand) {*Corrode rF++ rN+}
   (You found it on level 3 of the Elven Halls)

   [ring of positive energy]

   It greatly protects you from fire.
   It protects you from negative energy.
   It may corrode you when you take damage.
   It has a curse placed upon it.
 K - an uncursed ring of resist corrosion
Wands
 l - a wand of teleportation (4/9)
 p - a wand of digging (22/24)
 F - a wand of teleportation (4/9)
 O - a wand of disintegration (16/24)
Scrolls
 d - 8 scrolls of fog
 e - 9 scrolls of remove curse
 f - 19 scrolls of identify
 q - 8 scrolls of enchant weapon
 z - 6 scrolls of enchant armour
 G - 2 scrolls of teleportation
 H - 12 scrolls of recharging
 L - 5 scrolls of vulnerability
 M - a scroll of silence
 N - 3 scrolls of amnesia
 R - a scroll of summoning
 T - 6 scrolls of fear
 V - 7 scrolls of magic mapping
 Y - 3 scrolls of blinking
Potions
 g - 11 potions of curing
 h - 3 potions of magic
 j - 5 potions of ambrosia
 k - 2 potions of invisibility
 m - 10 potions of might
 s - 2 potions of heal wounds
 t - 6 potions of agility
 B - 3 potions of cure mutation
 J - 2 potions of brilliance
 Q - 2 potions of resistance
 W - 5 potions of haste
Books
 b - a manual of Fighting
Miscellaneous
 X - a phial of floods


   Skills:
 + Level 11.8 Fighting
 - Level 14.2 Short Blades
 - Level 15.3 Throwing
 + Level 17.0(19.4) Dodging
 - Level 16.5(19.0) Stealth
 + Level 8.7(11.6) Shields
 - Level 14.9 Spellcasting
 - Level 14.4(18.4) Hexes
 - Level 9.5(13.8) Charms
 - Level 12.6(16.7) Summonings
 - Level 9.1(13.5) Translocations
 - Level 2.6(6.3) Ice Magic
 - Level 4.2(8.5) Air Magic


You had 2 spell levels left.
You knew the following spells:

 Your Spells              Type           Power        Failure   Level  Hunger
a - Corona                Hex            #######      0%          1    None
b - Ensorcelled Hibernat  Hex/Ice        ######       1%          2    None
c - Confuse               Hex            ########     0%          3    None
d - Tukima's Dance        Hex            ########     0%          3    None
e - Dazzling Spray        Conj/Hex       #######.     1%          3    None
f - Summon Mana Viper     Hex/Summ       ########     1%          5    #......
g - Apportation           Tloc           #######...   0%          1    None
h - Invisibility          Hex            ########     1%          6    ####...
i - Repel Missiles        Chrm/Air       ######       1%          2    None
j - Blink                 Tloc           N/A          0%          2    None
k - Monstrous Menagerie   Summ           ########..   2%          7    ######.
l - Malign Gateway        Summ/Tloc      #######...   6%          7    ######.
m - Deflect Missiles      Chrm/Air       #######...   6%          6    ####...


Dungeon Overview and Level Annotations

Branches:
Dungeon (15/15)            Temple (1/1) D:5            Lair (8/8) D:8
  Swamp (4/4) Lair:6       Spider (4/4) Lair:3        Slime (0/6) Lair:8
    Orc (2/2) D:12            Elf (3/3) Orc:2        Vaults (4/5) D:13
  Crypt (0/3) Vaults:2     Depths (3/5) D:15           Hell (1/1)
    Dis: Hell:1         Geh: Hell:1         Coc: Hell:1         Tar: Hell:1

Altars:
Ashenzari
Cheibriados
Dithmenos
Elyvilon
Fedhas
Gozag
Kikubaaqudgha
Makhleb
Nemelex Xobeh
Okawaru
Pakellas
Qazlal
Ru
Sif Muna
Trog
Vehumet
Yredelemnul
Zin
The Shining One
Jiyva

Shops:
D:6 [   D:12 *   D:13 (   Orc:2 :((:!=:(   Elf:2 :   Elf:3 [   Vaults:1 (%
Vaults:2 ([   Vaults:4 *(

Portals:
Hell: Depths:1 Depths:2 Depths:3
Abyss: Depths:3
Pandemonium: Depths:2 Depths:3
Ziggurat: Depths:3
Trove: D:11 (give horn of Geryon)


Innate Abilities, Weirdness & Mutations

You do not heal naturally.
You are immune to poison.
You have razor-sharp teeth.
You have supernaturally acute eyesight.
You can survive without breathing.
You have a pair of small horns on your head.
You have sharp toenails.
You have a somewhat thin skeletal structure (Dex +2, Stealth).
You are partially covered in yellow scales (AC +2).
You are agile. (Dex +2)
You possess an exceptional clarity of mind.
Your mind is acute. (Int +2)
Your body sometimes deteriorates upon taking damage.
You are covered in thick fur (AC +2).
You evolve.
Your movements are slightly less encumbered by armour (ER -2).


Message History

Your sphinx hits the fire elemental. Your sphinx hits the fire elemental!
Your sphinx hits the fire elemental.
Drink which item? (? for menu, Esc to quit)
You feel protected.
You are engulfed in roaring flames.
You resist.
* * * LOW HITPOINT WARNING * * *
The fire elemental hits your sphinx. The fire elemental burns your sphinx!
The hell knight gestures wildly while chanting.
The hell knight seems to speed up.
The fire elemental completely misses your sphinx.
The crimson imp blinks!
Your sphinx is engulfed in roaring flames.
Your sphinx dies!
Your sphinx's corpse disappears in a puff of smoke!
The hell knight hits you with a great mace of crushing!
* * * LOW HITPOINT WARNING * * *
x2 The salamander stormcaller closely misses you.
You feel a bit more experienced.
The salamander stormcaller hits you from afar with a halberd!
You die...

##.....## ,, ,,, *
##.....5.## #.., * ,,
##....5....## *#... *,, *
##...Z.......## *#.§§§ ,*,
*, ##...{.h.[.....##
#..§§# ≈ * **
#.{{...p........##.§≈≈#**
, , 2.{{{4.Z∩§....§§v§N.≈#
≈≈, , ,
.Z.h{..[)[2...§vEENv≈# *
,, .4....h2.4....§p@§§.§#
≈ ,,,,,
#..Z...p......8§##§.§§#**≈
,≈ ,
##.........p.p§##*#.§§§# ≈
≈ , ##...8Z....pp##
*#§§§≈≈ *,, ##........p##
#..., * ##.......## *#..,
,** *** ##....h## *. ** ,
* ,,.# *, **, * ,, ≈ ,,


You could see an iron golem, 2 salamander stormcallers, 6 hell knights, a
hellion, 2 fire elementals, a red devil, 3 fire vortices, a hell hound and a
crimson imp.

Vanquished Creatures
  Margery (Depths:3)
  the Lernaean hydra (Swamp:4)
  A caustic shrike (Depths:3)
  Jory (Depths:3)
  Jorgrun (Swamp:4)
  An Ice Fiend (IceCv)
  A lich (Depths:2)
  2 titans (Depths:3)
  2 deep elf blademasters (Elf:3)
  A deep elf master archer (Elf:3)
  A sphinx (Vaults:3)
  2 thorn hunters
  Kirke (Swamp:2)
  2 tengu reavers
  4 fire giants
  A revenant (Vaults:2)
  7 frost giants
  A deep elf sorcerer (Elf:3)
  6 ghost moths
  A deep elf elementalist (Elf:1)
  6 emperor scorpions
  8 vault wardens
  A balrug (Hell)
  A cacodemon (Depths:3)
  Aizul (Vaults:1)
  A reaper (Depths:2)
  11 ironheart preservers
  17 stone giants
  2 salamander stormcallers
  2 war gargoyles (Depths:3)
  5 very ugly things
  3 deep elf demonologists
  3 vampire knights (Depths:3)
  7 spark wasps
  A deep elf death mage (Vaults:2)
  A red draconian (Abyss:3)
  A green death (Depths:2)
  3 fire dragons
  7 ettins
  8 vault guards
  3 jiangshi (Depths:2)
  10 ogre magi
  8 yaktaur captains
  2 great orbs of eyes
  A spriggan air mage (Depths:3)
  5 ice dragons
  10 entropy weavers
  24 hydras
  2 catoblepae
  3 centaur warriors
  2 rakshasas
  5 death knights
  8 alligators
  2 tengu warriors (Depths:2)
  6 deep troll shamans
  2 hell hogs
  2 vampire magi (Depths:2)
  A storm dragon zombie (Hell)
  15 deep elf knights
  2 sun demons (Depths:3)
  2 fire crabs
  3 soul eaters
  5 wizards
  A skeletal warrior (Vaults:2)
  11 hell knights
  4 iron trolls
  A fire crab (shapeshifter) (Depths:2)
  4 giant orange brains
  An unseen horror (shapeshifter) (Depths:1)
  A golden dragon zombie (Depths:2)
  2 unseen horrors
  10 shadow wraiths
  14 deep trolls
  A shadow demon (Depths:3)
  12 swamp dragons
  An obsidian statue (Depths:3)
  4 phantasmal warriors (Depths:3)
  8 flayed ghosts
  Pikel (D:6)
  A shambling mangrove (Swamp:1)
  7 necromancers
  2 lindwurms
  6 deep elf archers
  5 hill giants
  15 orb spiders
  13 orc knights
  15 ironbrand convokers
  45 ugly things
  9 griffons
  41 deep elf magi
  31 wolf spiders
  A shadow dragon skeleton (Depths:2)
  A large abomination (Depths:2)
  9 hornets
  5 manticores
  A faun (shapeshifter) (D:15)
  4 orc sorcerers
  3 cyclopes
  A worldbinder (Abyss:3)
  A manticore (shapeshifter) (Depths:2)
  2 elephants (shapeshifter)
  A salamander (shapeshifter) (Elf:3)
  5 rust devils (Depths:3)
  32 dancing weapons
  6 elephants
  Maurice (D:10)
  An octopode (shapeshifter) (Vaults:3)
  A fire giant skeleton (Depths:2)
  5 black mambas
  14 vault sentinels
  2 torpor snails
  An orange demon (Depths:3)
  An ice statue (IceCv)
  4 gargoyles
  A rime drake (shapeshifter) (Vaults:4)
  23 spiny frogs
  40 yaktaurs
  A komodo dragon (shapeshifter) (Vaults:4)
  11 freezing wraiths
  5 rime drakes
  14 komodo dragons
  2 red devils
  7 ice devils
  15 demonic crawlers
  6 anaconda simulacra (IceCv)
  2 tengu conjurers
  A hydra zombie (Hell)
  A queen bee (D:11)
  16 slime creatures
  34 jumping spiders
  A tengu simulacrum (Vaults:2)
  9 trolls
  5 giant leeches
  5 polar bears (Lair:8)
  13 two-headed ogres
  17 blink frogs
  3 raiju
  6 boulder beetles
  5 bog bodies
  An alligator zombie (Hell)
  A spriggan skeleton (Depths:2)
  12 shadows
  2 wyverns
  4 dire elephant simulacra (IceCv)
  Sigmund (D:6)
  A spriggan (D:9)
  36 tarantellas
  A vampire (D:15)
  A water elemental (Elf:3)
  An air elemental (Elf:2)
  86 redbacks
  35 yaks
  Eustachio (D:6)
  3 fire elementals
  6 wraiths
  A steam dragon (Lair:7)
  A small abomination (Depths:2)
  A hog (Swamp:2)
  4 hungry ghosts
  5 basilisks
  A human simulacrum (Vaults:3)
  A chaos spawn (Depths:2)
  9 hippogriffs
  22 vampire mosquitoes
  An iron troll simulacrum (IceCv)
  2 mottled dragons
  13 insubstantial wisps
  21 wargs
  24 swamp worms
  Duvessa (D:6)
  17 water moccasins
  3 harpy simulacra (IceCv)
  4 hydra simulacra (IceCv)
  A soldier ant (shapeshifter) (Depths:1)
  2 hell hounds
  45 orc warriors
  7 porcupines
  2 giant eyeballs
  A slave (D:7)
  11 swamp drakes
  4 sky beasts
  11 black bears
  7 ice beasts
  3 eyes of draining
  A necrophage (D:10)
  5 phantoms
  12 wolves
  8 wasps
  2 boggarts (Depths:1)
  33 ogres
  26 centaurs
  16 crocodiles
  2 big kobolds (D:7)
  22 giant frogs
  A wyvern zombie (D:10)
  3 earth elementals
  A wyvern skeleton (D:7)
  3 scorpions
  Dowan (D:6)
  45 killer bees
  7 howler monkeys
  8 electric eels
  11 crimson imps
  6 centaur zombies
  2 giant frog zombies
  4 draconian simulacra (IceCv)
  3 jellies
  10 hounds
  20 orc priests
  2 centaur skeletons
  Crazy Yiuf (D:2)
  Jessica (D:2)
  25 orc wizards
  Ijyb (D:3)
  Terence (D:2)
  10 iguanas
  10 worker ants
  2 hell rats
  A polar bear simulacrum (IceCv)
  3 troll simulacra (IceCv)
  2 spriggan simulacra (IceCv)
  8 sheep
  A wolf simulacrum (IceCv)
  2 centaur simulacra (IceCv)
  2 hound zombies
  2 hound skeletons
  3 worker ant zombies
  11 gnolls
  2 howler monkey skeletons
  59 river rats
  10 adders
  3 naga simulacra (IceCv)
  3 ogre simulacra (IceCv)
  2 shadow imps
  3 white imps
  6 ufetubi (IceCv)
  2 adder zombies
  2 worms
  A dart slug (D:3)
  2 giant geckos
  118 orcs
  A ball python (D:5)
  4 giant cockroaches
  3 goblins
  3 hobgoblins
  14 jackals
  15 kobolds
  2 quokkas
  6 bats
  2 giant gecko zombies
  5 giant newts
  A quokka skeleton (D:4)
  2 quokka zombies (D:4)
  9 rats
  A crawling corpse (Elf:3)
1899 creatures vanquished.

Vanquished Creatures (collateral kills)
  A juggernaut (Depths:3)
  Geryon (Hell)
  A lich (Depths:2)
  A titan (Depths:2)
  A deep elf master archer (Elf:3)
  A thorn hunter (Swamp:2)
  A fire giant (Depths:2)
  4 deep elf sorcerers (Elf:3)
  A vault warden (Vaults:4)
  A deep elf elementalist (Elf:3)
  A war gargoyle (Vaults:2)
  2 ironheart preservers
  3 reapers
  3 stone giants
  5 very ugly things (Depths:1)
  A vampire knight (Depths:3)
  4 deep elf demonologists (Elf:3)
  2 deep elf annihilators (Elf:3)
  A blizzard demon (Hell)
  The ghost of oplop the Spry, a journeyman FeBe of Trog (Swamp:2)
  3 deep elf death magi (Elf:3)
  An ettin (Depths:1)
  2 vault guards (D:13)
  A great orb of eyes (Depths:3)
  2 deep elf high priests (Elf:3)
  A yaktaur captain (Vaults:1)
  A hydra (Lair:3)
  An entropy weaver (Depths:2)
  Harold (Lair:4)
  2 spriggan air magi
  2 rakshasas
  6 dancing weapons
  2 tengu warriors (Depths:1)
  A spriggan berserker (Depths:2)
  A deep troll earth mage (Depths:1)
  A death yak (Lair:4)
  3 hell knights
  A wretched star (Abyss:3)
  6 soul eaters
  6 deep elf knights
  An iron golem (Hell)
  2 iron trolls
  An anaconda zombie (Hell)
  An ironbrand convoker (Vaults:2)
  A deep elf archer (Elf:3)
  A wizard (Depths:3)
  2 deep trolls
  5 hill giants
  A wolf spider (Spider:3)
  2 necromancers
  A griffon (Vaults:4)
  6 elephants
  An orc sorcerer (Orc:2)
  17 ugly things
  14 deep elf magi
  A rust devil (Hell)
  2 smoke demons
  A spiny frog (Lair:4)
  A rime drake (Lair:8)
  5 yaktaurs
  An ice devil (Depths:3)
  2 red devils (Hell)
  2 jumping spiders
  3 polar bears (Lair:8)
  6 raiju
  2 two-headed ogres (Vaults:4)
  A hydra skeleton (Hell)
  An alligator zombie (Hell)
  5 blink frogs
  9 redbacks
  3 spriggans
  A water elemental (D:12)
  12 yaks
  2 tarantellas
  A fire elemental (Elf:1)
  A basilisk (Lair:7)
  A chaos spawn (Depths:2)
  10 vampire mosquitoes
  3 hippogriffs
  3 insubstantial wisps
  5 wargs (Lair:8)
  4 hell hounds
  A giant eyeball (shapeshifter) (D:15)
  An iron troll simulacrum (IceCv)
  3 porcupines
  A water moccasin (Lair:7)
  A large abomination (Abyss:3)
  3 black bears (Lair:8)
  3 orc warriors
  3 wasps
  A spiny frog skeleton (Hell)
  5 ogres
  11 wolves
  An earth elemental (Elf:3)
  An electric eel (D:12)
  A crimson imp (Depths:3)
  5 hounds (Lair:8)
  An orc priest (Orc:1)
  An iron imp (Depths:3)
  An orc wizard (Orc:1)
  3 hell rats (Hell)
  11 sheep
  An ogre simulacrum (IceCv)
  An adder (D:12)
  32 river rats
  2 shadow imps (Depths:3)
  3 white imps (Depths:3)
  16 orcs
  A giant cockroach (Depths:2)
  A crawling corpse (Elf:3)
  A plant (Lair:8)
340 creatures vanquished.

Vanquished Creatures (others)
  15 eldritch tentacles
  A tengu reaver (Vaults:4)
  A deep elf knight (Elf:2)
  A soul eater (Depths:3)
  A deep elf mage (Elf:2)
  An orb spider (Spider:4)
  A sixfirhy (Hell)
  5 dancing weapons
  3 elephants
  An orange demon (Depths:3)
  A yaktaur (Depths:1)
  A redback (Spider:4)
  A yak (Lair:7)
  2 slaves (D:7)
  A wolf (Lair:6)
  A crocodile (Lair:7)
  An orc wizard (D:7)
  2 orc priests
  A hell rat (Hell)
  An adder (D:7)
  A river rat (Lair:6)
  3 orcs
  11 briar patches
  A bush (Lair:4)
  883 eldritch tentacle segments
  15 fungi
  20 plants
  5 toadstools (Swamp:1)
981 creatures vanquished.

Grand Total: 3220 creatures vanquished

Notes
Turn   | Place    | Note
--------------------------------------------------------------
     0 | D:1      | oplop the Vampire Enchanter began the quest for the Orb.
     0 | D:1      | Reached XP level 1. HP: 13/13 MP: 3/3
     3 | D:1      | Noticed an electric eel
     3 | D:1      | Noticed an electric eel
   485 | D:2      | Noticed Crazy Yiuf
   580 | D:2      | Noticed Jessica
   589 | D:2      | Reached XP level 2. HP: 9/19 MP: 5/5
   602 | D:2      | Reached skill level 5 in Stealth
   770 | D:1      | Learned a level 2 spell: Ensorcelled Hibernation
  1098 | D:1      | Reached XP level 3. HP: 24/24 MP: 1/6
  1274 | D:2      | You fall through a shaft!
  1341 | D:2      | Reached skill level 3 in Dodging
  1341 | D:2      | Reached XP level 4. HP: 30/30 MP: 2/8
  1357 | D:2      | Noticed Terence
  1361 | D:2      | Killed Terence
  1361 | D:2      | Reached skill level 5 in Hexes
  1484 | D:2      | Killed Jessica
  1678 | D:2      | Killed Crazy Yiuf
  1678 | D:2      | Reached XP level 5. HP: 35/35 MP: 6/9
  1793 | D:3      | Learned a level 3 spell: Confuse
  2265 | D:3      | Noticed Ijyb
  2273 | D:3      | Killed Ijyb
  2328 | D:3      | Noticed an ogre
  2342 | D:3      | Killed an ogre
  2342 | D:3      | Reached XP level 6. HP: 35/41 MP: 4/11
  2566 | D:4      | Reached skill level 4 in Dodging
  2660 | D:4      | Learned a level 3 spell: Tukima's Dance
  2665 | D:4      | Learned a level 3 spell: Dazzling Spray
  2755 | D:4      | Reached XP level 7. HP: 46/46 MP: 6/12
  3087 | D:5      | Entered Level 5 of the Dungeon
  3182 | D:5      | Found a radiant altar of Vehumet.
  3341 | D:5      | Found an oddly glowing altar of Pakellas.
  3393 | D:5      | Found a staircase to the Ecumenical Temple.
  3399 | Temple   | Entered the Ecumenical Temple
  3481 | Temple   | Became a worshipper of Ashenzari the Shackled
  3902 | D:6      | Reached skill level 5 in Dodging
  3907 | D:6      | Noticed Duvessa
  3907 | D:6      | Noticed Dowan
  4046 | D:6      | Noticed Eustachio
  4048 | D:6      | Killed Eustachio
  4048 | D:6      | Reached XP level 8. HP: 29/52 MP: 14/14
  4086 | D:6      | Killed Dowan
  4108 | D:6      | Killed Duvessa
  4165 | D:6      | Found Erehim's Armour Boutique.
  4166 | D:6      | Noticed Sigmund
  4170 | D:6      | Killed Sigmund
  4184 | D:6      | Bought a +0 pair of boots for 58 gold pieces
  4471 | D:6      | Reached skill level 5 in Short Blades
  4471 | D:6      | Reached skill level 6 in Dodging
  4471 | D:6      | Reached skill level 5 in Spellcasting
  4637 | D:7      | Noticed Pikel
  4670 | D:6      | Killed Pikel
  4670 | D:6      | Reached XP level 9. HP: 50/57 MP: 9/17
  4697 | D:7      | Reached skill level 10 in Stealth
  5092 | D:8      | Found a staircase to the Lair.
  5156 | D:8      | Reached skill level 7 in Dodging
  5445 | D:7      | Reached * piety under Ashenzari
  5712 | D:7      | Reached skill level 1 in Fighting
  5774 | D:7      | Reached XP level 10. HP: 67/67 MP: 6/19
  6512 | D:8      | Reached skill level 1 in Ice Magic
  6999 | D:8      | Noticed an orc knight
  7069 | D:8      | Killed an orc knight
  7306 | D:8      | Reached skill level 10 in Hexes
  7320 | D:8      | Noticed an orc knight
  7338 | D:8      | Killed an orc knight
  7338 | D:8      | Reached skill level 8 in Dodging
  7867 | D:8      | Noticed a griffon
  8002 | D:8      | Gained mutation: Your mind is acute. (Int +2) [potion of mutation]
  8002 | D:8      | Gained mutation: You have a pair of small horns on your head. [potion of mutation]
  8002 | D:8      | Gained mutation: Your magical capacity is low (-10% MP). [potion of mutation]
  8390 | D:9      | Learned a level 5 spell: Summon Mana Viper
  8397 | D:9      | Found a sacrificial altar of Ru.
  8539 | D:9      | Reached XP level 11. HP: 78/78 MP: 15/19
  8690 | D:9      | Reached skill level 1 in Summonings
  8931 | D:10     | Entered Level 10 of the Dungeon
  9061 | D:10     | Noticed a hill giant
  9278 | D:10     | Killed a hill giant
  9509 | D:10     | Noticed Maurice
  9524 | D:10     | Killed Maurice
  9566 | D:10     | Reached ** piety under Ashenzari
  9867 | D:11     | Noticed a red ugly thing
  9874 | D:11     | Killed a red ugly thing
 10035 | D:11     | Found a portal to a secret trove of treasure.
 10468 | D:11     | Noticed a six-headed hydra
 10745 | D:11     | Killed a six-headed hydra
 10745 | D:11     | Reached skill level 5 in Fighting
 10777 | D:11     | Reached skill level 10 in Short Blades
 11171 | D:12     | Noticed an unseen horror
 11179 | D:12     | Killed an unseen horror
 11179 | D:12     | Reached skill level 9 in Dodging
 11179 | D:12     | Reached XP level 12. HP: 41/86 MP: 20/20
 11613 | D:12     | Found Xacaaxku's Assorted Antiques.
 11622 | D:12     | Bought a scroll labeled AFEOTY TINA for 40 gold pieces
 11622 | D:12     | Bought a fluorescent wand for 160 gold pieces
 11878 | D:12     | Learned a level 5 spell: Warp Weapon
 12076 | D:12     | Reached skill level 1 in Charms
 12088 | D:12     | Found a staircase to the Orcish Mines.
 12227 | D:13     | Found a sacrificial altar of Ru.
 12294 | D:13     | Noticed a six-headed hydra
 12337 | D:12     | Paralysed by a wizard for 6 turns
 12344 | D:12     | Reached skill level 1 in Translocations
 12506 | Lair:1   | Entered Level 1 of the Lair of Beasts
 12622 | Lair:1   | Reached skill level 10 in Dodging
 12746 | Lair:1   | Noticed a four-headed hydra
 12753 | Lair:1   | Killed a four-headed hydra
 13485 | Lair:2   | Reached *** piety under Ashenzari
 13504 | Lair:2   | Reached skill level 5 in Charms
 13683 | Lair:2   | Noticed a five-headed hydra
 13760 | Lair:2   | Killed a five-headed hydra
 13934 | Lair:3   | Reached XP level 13. HP: 93/93 MP: 21/21
 13946 | Lair:3   | Reached skill level 11 in Dodging
 14043 | Lair:3   | Found a hole to the Spider Nest.
 14707 | Lair:4   | Noticed Harold
 14947 | Lair:4   | Reached skill level 1 in Shields
 15041 | Lair:4   | Killed Harold
 15117 | Lair:4   | Reached skill level 5 in Translocations
 15365 | Lair:4   | Reached **** piety under Ashenzari
 16449 | Lair:5   | Identified the cursed ring of the Sun {rN+ Slay-2}
 17072 | Lair:6   | Identified the +0 buckler of Summer {rPois rC++ MR- rCorr}
 17082 | Lair:6   | Reached ***** piety under Ashenzari
 17156 | Lair:6   | Reached skill level 1 in Throwing
 17416 | Lair:6   | oplop: ??Warp weapon
 17416 | Lair:6   | beem: warp weapon[1/1]: This level 5 Charms/Translocation spell applies a temporary distortion brand to a wielded weapon.
 18096 | Lair:6   | Reached skill level 12 in Dodging
 18235 | Lair:7   | Reached XP level 14. HP: 100/100 MP: 3/22
 19027 | Lair:7   | Got the dagger "Soits" {flame, *Drain +Blink +Rage}
 19028 | Lair:7   | Identified the +6 dagger "Soits" {flame, *Drain +Blink +Rage} (You found it on level 7 of the Lair of Beasts)
 19267 | Lair:8   | Entered Level 8 of the Lair of Beasts
 19307 | Lair:8   | Reached skill level 5 in Throwing
 19459 | Lair:8   | Reached skill level 13 in Dodging
 19646 | Lair:8   | Found a viscous altar of Jiyva.
 19646 | Lair:8   | Found a staircase to the Slime Pits.
 20571 | Lair:8   | Wingboner: Ня.
 20572 | Lair:8   | Wingboner: Как успехи?
 20572 | Lair:8   | oplop: нежив пока
 20572 | Lair:8   | oplop: как и подобает вампиру
 20572 | Lair:8   | oplop: вроде норм
 20572 | Lair:8   | oplop: есть иглы паралайза и сна
 20660 | Lair:8   | Reached skill level 14 in Dodging
 20765 | Lair:8   | Wingboner: Мне теперь главное не затабаться.
 20765 | Lair:8   | oplop: манавайперы всех ябутъ
 20765 | Lair:8   | oplop: DD of Makhleb
 20765 | Lair:8   | Wingboner: А монстра есть?
 20765 | Lair:8   | oplop: не затабаться
 20765 | Lair:8   | oplop: да ну
 20765 | Lair:8   | oplop: минигеря?
 20765 | Lair:8   | Wingboner: Агась.
 20765 | Lair:8   | Wingboner: Злой спел.
 20765 | Lair:8   | oplop: неа
 20765 | Lair:8   | oplop: советуешь?
 20765 | Lair:8   | oplop: он ж вроде просто тонну говна вызывает, не?
 20765 | Lair:8   | Wingboner: Ну, мне понравился.
 20840 | Lair:8   | Wingboner: И эта тонна говна рвёт всё. Считай, как порно, но на уровень ниже по силе и стоимости.
 20841 | Lair:8   | oplop: ну погляжу
 20841 | Lair:8   | oplop: оружия только норм нет
 20841 | Lair:8   | Wingboner: Ну, у тебя весьма терпимая ковырялка.
 20841 | Lair:8   | oplop: ну у меня варп випон есть
 20841 | Lair:8   | Wingboner: А.
 20841 | Lair:8   | oplop: а она не обмазывается
 21021 | D:8      | Wingboner: Я из епеня четыре ветра выбил.
 21021 | D:8      | oplop: норм
 21130 | Orc:1    | Entered Level 1 of the Orcish Mines
 21222 | Orc:1    | Wingboner: z - the +10 plate armour of Imperfection (worn) {*Confuse Str+4 Int-2 Dex+6}
 21232 | Orc:1    | oplop: лул
 21232 | Orc:1    | Wingboner: Я вот не знаю, нужна ли мне после этого золотая броня.
 21241 | Orc:1    | Wingboner: Наверное нет.
 21241 | Orc:1    | oplop: гда?
 21241 | Orc:1    | Wingboner: Да.
 21241 | Orc:1    | oplop: ну елси резисты завезли...
 21241 | Orc:1    | oplop: разве что у гда вроде ГДР больше
 21246 | Orc:1    | Wingboner: По точке в каждом есть со свободными кольцами.
 21581 | Orc:2    | Entered Level 2 of the Orcish Mines
 21581 | Orc:2    | Found Pyiroz's Jewellery Emporium.
 21582 | Orc:2    | Wingboner: Так тут вон сколько силы и ловкости ещё, щита и уворота больше получается.
 21582 | Orc:2    | oplop: а, у платы энкумберанц меньше еще
 21582 | Orc:2    | oplop: наверн лучше эта плата, да
 21584 | Orc:2    | oplop: ссаный стелс
 21617 | Orc:2    | Wingboner: !sacrifices
 21628 | Orc:2    | beem: Last sacrifices made by Wingboner: purity, love, experience, arcana, drink, stealth, health
 21640 | Orc:2    | Wingboner: Стелс нинужен!
 21681 | Orc:1    | oplop: хы
 21681 | Orc:1    | oplop: ну хз
 21681 | Orc:1    | oplop: мне не понравилось стелс жертвовать
 21681 | Orc:1    | Wingboner: _N - the +12 plate armour "Imirucse" {-Cast rC+ Dex+4 Stlth+}
 21681 | Orc:1    | Wingboner: ГХМ!!
 21681 | Orc:1    | oplop: не
 21681 | Orc:1    | oplop: тот лучше
 21681 | Orc:1    | Wingboner: Наверное всё же да.
 21681 | Orc:1    | oplop: больше дексы и сила
 21681 | Orc:1    | Wingboner: Просто неожиданно.
 21681 | Orc:1    | Wingboner: Часто такой фигни десятки игр не видишь.
 21814 | Orc:2    | Wingboner: ??makhleb wrath
 21814 | Orc:2    | beem: makhleb wrath[1/1]: 25 penance. RETRIBUTION: (4/5) * ((XL-7)/XL) chance of a greater servant (hostile, no abjuration timeout); otherwise 1 + XL/7 lesser servants. Seems to have changed in 0.15, UPDATEME.
 21839 | Orc:2    | Wingboner: >UPDATEME
 21854 | Orc:2    | Wingboner: Ксо, надо в код лезть.
 21854 | Orc:2    | oplop: угу
 21866 | Orc:2    | oplop: блядь
 21866 | Orc:2    | oplop: всюду -мр
 21866 | Orc:2    | oplop: ссанина
 21888 | Orc:2    | Wingboner: На мне шапка с -MR
 21890 | Orc:2    | Wingboner: Но с амулетом вообще пофигу.
 21890 | Orc:2    | oplop: ФАК Е
 21890 | Orc:2    | oplop: ШАШЛЫК
 21891 | Orc:2    | Wingboner: Красиво.
 21891 | Orc:2    | oplop: ага
 21891 | Orc:2    | oplop: надеялся что иммолейт найду
 22037 | Orc:2    | Reached XP level 15. HP: 105/105 MP: 3/23
 22170 | Orc:2    | Found Nemew's Weapon Boutique.
 22170 | Orc:2    | Found Umeifar's Antique Weapon Emporium.
 22172 | Orc:2    | Found Ruky's Book Shoppe.
 22174 | Orc:2    | Found Behutteamyh's Book Shop.
 22251 | Orc:2    | Found Nasut's Book Emporium.
 22290 | Orc:2    | Found Caibrash's Antique Weapon Boutique.
 22304 | Orc:2    | oplop: ммммм
 22304 | Orc:2    | oplop: артефактная рапирка
 22304 | Orc:2    | Bought an ancient rapier for 261 gold pieces
 22304 | Orc:2    | Identified the +7 rapier "Vampire's Death" {freeze, rC+} (You bought it in a shop on level 2 of the Orcish Mines)
 22306 | Orc:2    | oplop: стоит юзать?
 22306 | Orc:2    | Wingboner: Если ярость не использовать, то она лучше.
 22410 | Orc:2    | Found Numompuw's Distillery.
 22418 | Orc:2    | Bought 2 potions of heal wounds for 100 gold pieces
 22418 | Orc:2    | Bought a potion of mutation for 25 gold pieces
 22418 | Orc:2    | Bought a potion of resistance for 100 gold pieces
 22418 | Orc:2    | Gained mutation: You are covered in fur (AC +1). [potion of mutation]
 22418 | Orc:2    | Lost mutation: Your magical capacity is low (-10% MP). [potion of mutation]
 22419 | Orc:2    | Gained mutation: You evolve. [potion of mutation]
 22419 | Orc:2    | Gained mutation: You occasionally shout uncontrollably at your foes. [potion of mutation]
 22419 | Orc:2    | Gained mutation: Your body sometimes deteriorates upon taking damage. [potion of mutation]
 22420 | Orc:2    | Gained mutation: You possess an exceptional clarity of mind. [potion of mutation]
 22420 | Orc:2    | Gained mutation: You are frail (-10% HP). [potion of mutation]
 22421 | Orc:2    | Found a staircase to the Elven Halls.
 22427 | Orc:2    | oplop: ммм
 22427 | Orc:2    | oplop: книжечки
 22482 | Orc:2    | oplop: ман файтинга
 22482 | Orc:2    | Wingboner: Гримуар!
 22482 | Orc:2    | oplop: гримуар
 22482 | Orc:2    | oplop: думаешь, стоит?
 22482 | Orc:2    | oplop: я саммоны не юзаю обычно...
 22482 | Orc:2    | Wingboner: Ну. Достаточно злобная школа, которая всё убивает.
 22482 | Orc:2    | oplop: м?
 22482 | Orc:2    | oplop: ммм
 22482 | Orc:2    | Wingboner: Мне нравится.
 22482 | Orc:2    | oplop: бля
 22482 | Orc:2    | oplop: он стоит как ман файтинга
 22482 | Orc:2    | Wingboner: Кек.
 22482 | Orc:2    | oplop: инвиз
 22482 | Orc:2    | oplop: опять же
 22482 | Orc:2    | oplop: не, ща лучше купить инвиз, блинк
 22482 | Orc:2    | Wingboner: Ну тут по сути выбирай, что тебе больше нравится.
 22482 | Orc:2    | Wingboner: Вон даже форма гидры есть для особых извращенцев.
 22482 | Orc:2    | Bought a book of Party Tricks for 650 gold pieces
 22482 | Orc:2    | oplop: ну вампиру она неособо нужна,к ек
 22482 | Orc:2    | Wingboner: !lg . won vp
 22482 | Orc:2    | beem: No games for Wingboner (won vp).
 22482 | Orc:2    | oplop: а до нерфа я ей чистил V5
 22482 | Orc:2    | Wingboner: !lg xenobreeder won vp
 22482 | Orc:2    | beem: 1. casual the Portalist (L27 VpTm of Cheibriados), escaped with the Orb and 3 runes on 2015-06-12 08:24:38, with 1827080 points after 64970 turns and 4:03:25.
 22482 | Orc:2    | Wingboner: Трансмутер!
 22482 | Orc:2    | oplop: я имел ввиду, моему вампиру
 22482 | Orc:2    | Wingboner: Ну так-то да.
 22489 | Orc:2    | Learned a level 6 spell: Invisibility
 22492 | Orc:2    | Learned a level 1 spell: Apportation
 22497 | Orc:2    | oplop: мммм
 22497 | Orc:2    | oplop: ман шб
 22518 | Orc:2    | Bought a book of Minor Magic for 320 gold pieces
 22521 | Orc:2    | Learned a level 2 spell: Repel Missiles
 22524 | Orc:2    | Learned a level 2 spell: Blink
 22525 | Orc:2    | Wingboner: Теперь иди и сожги три аквариума на золото.
 22525 | Orc:2    | oplop: лал
 22525 | Orc:2    | oplop: найти бы их
 22526 | Orc:2    | oplop: я хз че мне курсить
 22526 | Orc:2    | oplop: все мусорное какое то
 22526 | Orc:2    | Wingboner: Шляпы нет?
 22526 | Orc:2    | Wingboner: Пичалька.
 22526 | Orc:2    | oplop: нит
 22526 | Orc:2    | Wingboner: Статуя есть!
 22526 | Orc:2    | oplop: рандом не дал
 22526 | Orc:2    | Wingboner: Кек.
 22526 | Orc:2    | oplop: камнееб
 22607 | D:13     | Found Jonness's Weapon Boutique.
 22738 | D:13     | Found a gate to the Vaults.
 22806 | D:13     | Wingboner: Rocks; these are my rocks.
 22814 | D:13     | Wingboner: Sediments: make me sedimental.
 22831 | D:12     | Wingboner: Smooth and round, asleep in the ground.
 22835 | D:12     | Gained mutation: You have sharp toenails. [evolution]
 22835 | D:12     | Wingboner: Shades of brown and gray...
 22973 | D:13     | Wingboner: Rock.
 22974 | D:13     | Wingboner: You are a rock.
 23003 | D:13     | Wingboner: Gray.
 23007 | D:13     | Wingboner: You are gray.
 23007 | D:13     | oplop: некромант штоле?
 23007 | D:13     | Wingboner: Like a rock.
 23007 | D:13     | Wingboner: Which you are.
 23007 | D:13     | Wingboner: Rock.
 23007 | D:13     | oplop: кстати, а как ты с епеня чтото выбил?
 23007 | D:13     | oplop: с гостов теперь айтемы падают?
 23039 | D:13     | Wingboner: Он убился в визлабе, и там под ним лежал этот амулет.
 23042 | D:13     | oplop: ы
 23149 | D:13     | Found a basalt altar of Yredelemnul.
 23504 | D:13     | oplop: было б забавно, если б с госта можно было бы выбить арт, который у него при жизни был
 23634 | D:14     | Wingboner: Ну, в нетхаке почти так.
 23668 | D:14     | oplop: ебать тут уродливых уродов
 23696 | D:14     | Wingboner: Ну хоть очень уродливых нет.
 24287 | D:15     | Entered Level 15 of the Dungeon
 24539 | D:15     | Wingboner: Я надел заранее rCorr, чтобы так же не затабаться.
 24539 | D:15     | oplop: лол
 24539 | D:15     | oplop: они и с ркорром карают
 24539 | D:15     | oplop: самое смешное, что их мептик берет
 24580 | D:15     | Wingboner: Самое печальное, что их страх не берёт.
 24722 | D:15     | Wingboner: Педритоло какое-то ещё тут бродит...
 24755 | D:15     | Reached ****** piety under Ashenzari
 24773 | D:15     | Wingboner: !log pedritolo place=depth
 24790 | D:15     | beem: No games for pedritolo (place=depth).
 24791 | D:15     | oplop: лал
 24791 | D:15     | Wingboner: !log pedritolo place=depths
 24798 | D:15     | beem: 18. pedritolo, XL17 SpEn, T:52299: http://crawl.xtahua.com/crawl/morgue/pedritolo/morgue-pedritolo-20160517-170118.txt
 25093 | D:15     | Found a staircase to the Depths.
 25109 | D:15     | Wingboner: Ха, провалился на депс:4 в волт с ржавыми демонами, а у меня резист-то еть!
 25271 | D:15     | oplop: ХИТРЕЦ
 25271 | D:15     | oplop: пауканы или болото?
 25271 | D:15     | oplop: я даже не знаю
 25271 | D:15     | Wingboner: Болото проще с низкой защитой.
 25610 | Lair:6   | Found a staircase to the Swamp.
 25624 | Swamp:1  | Entered Level 1 of the Swamp
 25666 | Swamp:1  | Found a frozen archway.
 25681 | IceCv    | Entered an ice cave
 25977 | IceCv    | Wingboner: Прикольно вообще, что я не могу вызывать божественных демонов.
 26074 | IceCv    | Wingboner: Ну точнее могу.
 26074 | IceCv    | Wingboner: Но они мне морду и набьют.
 26074 | IceCv    | oplop: а нефиг было любовь жертвовать, кек
 26083 | IceCv    | Wingboner: Ну по сути мне и не нужно.
 26086 | IceCv    | oplop: ну да
 26086 | IceCv    | oplop: тебе пассивки хватит
 26394 | IceCv    | Noticed Stev's ghost (journeyman HuSk)
 26461 | IceCv    | oplop: лол
 26461 | IceCv    | oplop: безкровный вампир ж не мутирует?
 26461 | IceCv    | Wingboner: Мутирует.
 26461 | IceCv    | oplop: а, ну ок
 26461 | IceCv    | Wingboner: Раньше не мутировал, недавно поменяли.
 26461 | IceCv    | oplop: прост у меня уже давно висит you evolve
 26461 | IceCv    | oplop: и все
 26461 | IceCv    | oplop: и ничего не делает
 26545 | IceCv    | Noticed an Ice Fiend
 26545 | IceCv    | oplop: хыхы
 26545 | IceCv    | oplop: зацени пассажира
 26545 | IceCv    | oplop: стиви застрял
 26545 | IceCv    | Wingboner: Кек.
 26554 | IceCv    | Killed an Ice Fiend
 26563 | IceCv    | Reached XP level 16. HP: 71/103 MP: 22/27
 26637 | IceCv    | Gained mutation: You are covered in thick fur (AC +2). [evolution]
 26866 | Swamp:1  | Noticed a thorn hunter
 26889 | Swamp:1  | Killed a thorn hunter
 27584 | Swamp:2  | Noticed a thorn hunter
 27612 | Swamp:2  | oplop: бля
 27612 | Swamp:2  | oplop: чем торнхантеров ебать?
 27612 | Swamp:2  | oplop: мой самый нелюбимый моб на болоте
 27612 | Swamp:2  | oplop: ??thorn hunter
 27612 | Swamp:2  | beem: thorn hunter[1/1]: Fast, mobile plants which fire volleys of thorns while making large "briar patches" to keep you from escaping and protect themselves. Briar patches will hurt you when you melee them, and can be fired through similar to brushes. Appear in Swamp as top-tier threats.
 27612 | Swamp:2  | Wingboner: Гримуаром, берсерком.
 27612 | Swamp:2  | oplop: злой ты
 27835 | Swamp:2  | Noticed oplop's ghost (journeyman FeBe)
 27838 | Swamp:2  | oplop: о
 27838 | Swamp:2  | oplop: котэ
 27838 | Swamp:2  | Wingboner: Чую, кого-то сожрут.
 27838 | Swamp:2  | oplop: эв зашкаливает, кек
 27838 | Swamp:2  | oplop: у него мр нихуя
 27842 | Swamp:2  | oplop: гм
 27842 | Swamp:2  | oplop: не так уж и нихуя
 27854 | Swamp:1  | oplop: иди на болото говорили они...
 27928 | Swamp:2  | Wingboner: Кто ж знал, что твоя киса тебе же и попадётся.
 27977 | Swamp:2  | oplop: а почему я сетки не собираю интересно
 28108 | Swamp:2  | Killed a thorn hunter
 28511 | Swamp:3  | HP: 2/103 [eight-headed hydra (17)]
 28576 | Swamp:3  | oplop: пиздец
 28576 | Swamp:3  | oplop: выйду отсюда живым - куплю гримуар
 28814 | Swamp:3  | Wingboner: Кек.
 28845 | Swamp:3  | oplop: ебучий рандом
 29136 | Swamp:4  | Entered Level 4 of the Swamp
 29586 | Swamp:4  | Lost mutation: You are frail (-10% HP). [evolution]
 29766 | Swamp:4  | Noticed Jorgrun
 29825 | Swamp:4  | Killed Jorgrun
 29991 | Swamp:4  | oplop: йо
 29991 | Swamp:4  | namelastname112: >vapmire's death
 29991 | Swamp:4  | oplop: yep
 30031 | Swamp:4  | namelastname112: инвиза не завезли?
 30043 | Swamp:4  | Wingboner: У меня было три плюса rF, 12 свитков выжигания, 10 свитков блинка, наполовину вкачаный контрольный блинк и целое множество лечилок всех сортов и расцветок, божественные способности, а также бутылки резиста, берсерка, солидный запас куромутов, пара свитков тормента и две с половиной дюжины бутылей кьюра. Не то чтобы это был необходимый запас для Зота, но если начал собирать расходники, становится трудно остановиться. Единственное, что вызывало у меня опасение — это тормент. Ничто в мире не бывает более беспомощным, безответственным и порочным, чем DD, наспамивший тормента. Я знал, что рано или поздно перейду и на эту дрянь.
 30043 | Swamp:4  | oplop: завезли
 30043 | Swamp:4  | oplop: я забыл что он у меня есть
 30108 | Swamp:4  | Noticed a thorn hunter
 30135 | Swamp:4  | oplop: меня просто торнхантеры обосрали
 30135 | Swamp:4  | oplop: и я забыл про инвиз
 30140 | Swamp:4  | Noticed the 27-headed Lernaean hydra
 30141 | Swamp:4  | oplop: ОЙВЭЙ
 30142 | Swamp:4  | oplop: сука
 30142 | Swamp:4  | oplop: на этом турнире лернея уже раз пять попадается
 30142 | Swamp:4  | oplop: это мне везет или другие концовки порезали?
 30142 | Swamp:4  | Wingboner: А мне сегодня впервые.
 30143 | Swamp:4  | namelastname112: а мне один
 30147 | Swamp:4  | namelastname112: и то я её забанил случайно
 30167 | Swamp:4  | Wingboner: Я её ручным топориком +0 зарубил.
 30167 | Swamp:4  | oplop: 27 раз?
 30167 | Swamp:4  | oplop: лол
 30202 | Swamp:4  | Wingboner: Ну, дык.
 30255 | Swamp:4  | Wingboner: Под невидимостью и берсерком.
 30264 | Swamp:4  | Noticed a thorn hunter
 30268 | Swamp:4  | namelastname112: опасность лерни переоценена
 30268 | Swamp:4  | oplop: t,kbdsq njhy[fynth
 30268 | Swamp:4  | namelastname112: в синв-то не может
 30268 | Swamp:4  | namelastname112: а вот торн хантер
 30268 | Swamp:4  | Wingboner: Самую жесть у неё понерфили.
 30268 | Swamp:4  | oplop: она вслепую может покусать
 30268 | Swamp:4  | namelastname112: это стремно
 30268 | Swamp:4  | namelastname112: че понерфили?
 30281 | Swamp:4  | Wingboner: Раньше можно было разозлить друида, и он её вызывал к себе под might&haste.
 30285 | Swamp:4  | namelastname112: а
 30285 | Swamp:4  | oplop: бггг
 30285 | Swamp:4  | namelastname112: рекол зверушек
 30285 | Swamp:4  | oplop: эта
 30285 | Swamp:4  | oplop: торнхантера сеткой можно ебнуть?
 30295 | Swamp:4  | namelastname112: можно
 30345 | Swamp:1  | namelastname112: контамы-контамчики
 30371 | Lair:6   | namelastname112: ты че сетки-то не собирал
 30371 | Lair:6   | oplop: хз
 30371 | Lair:6   | namelastname112: топовая вещь
 30371 | Lair:6   | Wingboner: Я делаю Spiteful 3.
 30378 | Lair:6   | namelastname112: ммм
 30383 | Lair:6   | namelastname112: ру кидать
 30563 | D:9      | namelastname112: только сетки на точку кидай
 30563 | D:9      | namelastname112: а не на энетр
 30563 | D:9      | namelastname112: энтер*
 30563 | D:9      | oplop: с аше свиток ремува 1 проклятие снимает?
 30563 | D:9      | namelastname112: а то в воду улетит
 30563 | D:9      | namelastname112: не
 30563 | D:9      | Wingboner: Нет.
 30613 | D:10     | Wingboner: Все, на выбор.
 30613 | D:10     | namelastname112: снимает те, какие хочешь
 30669 | D:12     | Wingboner: Можно какие-то снять, а какие-то оставить.
 30669 | D:12     | oplop: ок
 30888 | D:8      | Reached skill level 15 in Stealth
 31101 | Swamp:2  | namelastname112: надо бы того
 31105 | Swamp:2  | Wingboner: Мне что-то ещё ни разу не попалось алтаря случайного бога.
 31110 | Swamp:2  | namelastname112: вампира своего доиграть будет
 31110 | Swamp:2  | oplop: а чего ты его оставил?
 31110 | Swamp:2  | oplop: устал?
 31110 | Swamp:2  | namelastname112: тян пришла
 31110 | Swamp:2  | oplop: ужас
 31110 | Swamp:2  | oplop: эта
 31110 | Swamp:2  | namelastname112: лел
 31110 | Swamp:2  | oplop: тут казуал советует по гримуару угореть
 31110 | Swamp:2  | oplop: че думаешь?
 31137 | Swamp:2  | namelastname112: а че бы и нет
 31146 | Swamp:2  | namelastname112: с ашем заебись
 31157 | Swamp:2  | namelastname112: ммм
 31157 | Swamp:2  | namelastname112: кирка еще рядом
 31157 | Swamp:2  | oplop: я тут ебаного кота убил
 31157 | Swamp:2  | Wingboner: &dump
 31157 | Swamp:2  | beem: http://CRAWL.XTAHUA.COM/crawl/morgue/Wingboner/Wingboner.txt
 31175 | Swamp:2  | namelastname112: с ашем вообще изи бранчиться в скиллы
 31194 | Swamp:2  | Killed oplop's ghost
 31196 | Swamp:2  | Wingboner: Нейм, зацени сет амулет+броня.
 31213 | Swamp:2  | namelastname112: главное всю ювелирку закурсить
 31257 | Swamp:2  | Noticed Kirke
 31259 | Swamp:2  | Wingboner: И шляпа из того же сета.
 31266 | Swamp:2  | Noticed a sphinx
 31306 | Swamp:2  | namelastname112: пиздец
 31349 | Swamp:2  | namelastname112: норм перекрыл
 31356 | Swamp:2  | namelastname112: не попадешь
 31356 | Swamp:2  | namelastname112: сеткой
 31360 | Swamp:2  | namelastname112: в кирку
 31364 | Swamp:2  | Killed Kirke
 31369 | Swamp:2  | namelastname112: у нее дефлект
 31369 | Swamp:2  | oplop: мм
 31369 | Swamp:2  | oplop: бывает
 31710 | Swamp:4  | Killed a thorn hunter
 31749 | Swamp:4  | oplop: waghh
 31808 | Swamp:4  | Killed the 27-headed Lernaean hydra
 31809 | Swamp:4  | oplop: скушал
 31809 | Swamp:4  | oplop: в 3 укуса
 31913 | Swamp:4  | Reached XP level 17. HP: 100/120 MP: 16/30
 31915 | Swamp:4  | Got a decaying rune of Zot
 32018 | Swamp:3  | oplop: бле
 32018 | Swamp:3  | oplop: че тут такое?
 32036 | Swamp:3  | oplop: а
 32036 | Swamp:3  | oplop: ясно
 32384 | Orc:2    | Bought a Grand Grimoire for 1435 gold pieces
 32384 | Orc:2    | Wingboner: ??exumenical altar
 32384 | Orc:2    | beem: exumenical altar ~ ecumenical altar[1/2]: Converts you to a random god, and gives you 20 bonus piety. Won't pick a god that you cannot worship. Gozag skips the entry fee while Ru immediately offers a sacrifice.
 32385 | Orc:2    | Wingboner: ??ecumenical altar[2
 32385 | Orc:2    | beem: ecumenical altar[2/2]: One milestone for kvaak (god.ecumenical): Cheibriados
 32395 | Orc:2    | oplop: бле
 32395 | Orc:2    | oplop: мне
 32395 | Orc:2    | oplop: это курсить чтоле
 32395 | Orc:2    | oplop: ну хз
 32395 | Orc:2    | oplop: в принципе они полезные, лол
 32398 | Orc:2    | Wingboner: Третий раз за турнир открываю трову, третий раз оружие.
 32398 | Orc:2    | oplop: хы
 32398 | Orc:2    | oplop: кстати
 32398 | Orc:2    | Wingboner: Но первый раз бесполезное.
 32398 | Orc:2    | oplop: когда гериона можно убить?
 32398 | Orc:2    | oplop: у меня бомжетрова его рог хочет
 32398 | Orc:2    | oplop: мож сразу попробовать как ад найду?
 32398 | Orc:2    | Wingboner: Ну, э. Ты лучше скажи, когда нельзя. Я его забил палкой.
 32398 | Orc:2    | Wingboner: Там остальные мобы опаснее него.
 32398 | Orc:2    | oplop: а, это к тебе мой октопод с торнадой подвалил?
 32398 | Orc:2    | Wingboner: Не помню.
 32398 | Orc:2    | oplop: или к нейму
 32398 | Orc:2    | oplop: ну я чеипода с торнадо в предбаннике положил перед турниром
 32398 | Orc:2    | Wingboner: Лол.
 32398 | Orc:2    | Wingboner: Не, не видел.
 32398 | Orc:2    | oplop: помоему нейм орал
 32398 | Orc:2    | oplop: стоит, табает гериона
 32398 | Orc:2    | oplop: а тут торнадо
 32398 | Orc:2    | namelastname112: да
 32398 | Orc:2    | namelastname112: вот я охуел
 32398 | Orc:2    | namelastname112: алсо лол
 32398 | Orc:2    | namelastname112: http://puu.sh/oVMjX/ca02c56f6e.jpg
 32398 | Orc:2    | Wingboner: Хер.
 32398 | Orc:2    | oplop: это как
 32401 | Orc:2    | Wingboner: Карта, скорее всего.
 32401 | Orc:2    | oplop: а че лучше, менигеря или хентакля?
 32401 | Orc:2    | Wingboner: Я первое предпочитаю.
 32401 | Orc:2    | oplop: ??monstruous menagerie
 32401 | Orc:2    | beem: monstruous menagerie ~ monstrous menagerie[1/1]: L7 summoning spell (L6 in 0.17-) which summons either a manticore, lindwurm, harpy (multiples at higher power), or a sphinx (much rarer except at high power).
 32401 | Orc:2    | Wingboner: Ибо они херачат везде, а тентакль только на открытом пространстве.
 32560 | Lair:1   | oplop: погнали к паукам
 32619 | Spider:1 | Entered Level 1 of the Spider Nest
 32750 | Spider:1 | Reached skill level 10 in Throwing
 32832 | Spider:1 | Reached skill level 5 in Summonings
 33013 | Spider:1 | oplop: в этом гадюшнике толком не пожрать
 33098 | Spider:1 | oplop: ку
 33161 | Spider:1 | namelastname112: все
 33163 | Spider:1 | namelastname112: выиграл
 33172 | Spider:1 | namelastname112: алсо это была не карта
 33174 | Spider:1 | namelastname112: а брайб
 33287 | Spider:1 | oplop: а
 33287 | Spider:1 | oplop: ты ж гозагоеб
 33301 | Spider:1 | oplop: ОТРАВИЛСЯ НАХУЙ
 33478 | Spider:1 | oplop: ммм
 33478 | Spider:1 | oplop: 18 хексом
 33478 | Spider:1 | namelastname112: все равно бладлесс ща будешь ходить
 33478 | Spider:1 | oplop: ща б дискорд
 33583 | Spider:2 | namelastname112: !lg
 33584 | Spider:2 | beem: 4122. namelastname112 the Ninja (L27 VpEn of Gozag), escaped with the Orb and 15 runes on 2016-05-18 00:05:54, with 13658736 points after 116420 turns and 6:51:56.
 33599 | Spider:2 | namelastname112: !lg . log
 33599 | Spider:2 | beem: 4122. namelastname112, XL27 VpEn, T:116420: http://crawl.xtahua.com/crawl/morgue/namelastname112/morgue-namelastname112-20160518-000554.txt
 33674 | Spider:2 | namelastname112: все-таки иголочки
 33678 | Spider:2 | namelastname112: это охуенно
 33696 | Spider:2 | oplop: угу
 33789 | Spider:2 | namelastname112: в пауках инвиз видит буквально один моб
 33807 | Spider:2 | Wingboner: Ух, как мне два раза только что чуть морду не набили.
 33879 | Spider:2 | Reached skill level 10 in Spellcasting
 33908 | Spider:2 | Wingboner: Один раз был большой замес, и тут выбегает палец.
 33957 | Spider:2 | Wingboner: Пара торментов и мне пришлось оттуда блинковать.
 33957 | Spider:2 | namelastname112: инвиз вообще мидгейм в хуйню превращает
 33957 | Spider:2 | oplop: >выбегает палец
 33957 | Spider:2 | Wingboner: @?curse toe
 33957 | Spider:2 | beem: curse toe (z)
                  | Spd: 10 (move: 140%)
                  | HD: 14
                  | HP: 80-114
                  | AC/EV: 25/1
                  | undead, evil, see invisible, fly, unbreathing
                  | Res: magic(immune), fire+++, cold, elec, poison+++, drown, rot+++, neg+++, torm
                  | Vul: holy++
                  | XP: 4712
                  | Sp: s.torment [!sil], sum.mushrooms [!sil]
                  | Sz: tiny
                  | Int: human.
 33957 | Spider:2 | Wingboner: Этот.
 33957 | Spider:2 | Wingboner: А во второй раз забыл, что нет рэлека.
 33957 | Spider:2 | namelastname112: >выбегает
 33957 | Spider:2 | namelastname112: я с федей играл
 33957 | Spider:2 | Wingboner: Пришлось драпать от двух големов, прикрываясь личом.
 33957 | Spider:2 | namelastname112: обосрался с того, как грибы палец отпиздили
 33957 | Spider:2 | oplop: https://imgflip.com/i/14bvnr
 33968 | Spider:2 | namelastname112: лол
 33974 | Spider:2 | namelastname112: хуя ты вспомнил
 34655 | Spider:3 | Wingboner: Вынес.
 34655 | Spider:3 | oplop: малаца
 34655 | Spider:3 | oplop: энжой йо флажок
 34658 | Spider:3 | namelastname112: два уника осталось
 34660 | Spider:3 | namelastname112: ну бля
 34671 | Spider:3 | oplop: у нас игнасио вроде
 34671 | Spider:3 | oplop: ебучий
 34671 | Spider:3 | namelastname112: у меня вишня и марджери
 34683 | Spider:3 | namelastname112: игната я сегодня ебнул
 34687 | Spider:3 | namelastname112: иглой
 34724 | Spider:3 | oplop: лал
 34882 | Spider:3 | namelastname112: лел, у меня комбо хайскор
 34893 | Spider:3 | namelastname112: с впеном
 34914 | Spider:3 | oplop: хы
 34914 | Spider:3 | Wingboner: !log .
 34914 | Spider:3 | beem: 43. Wingboner, XL25 DDFi, T:60268: http://crawl.xtahua.com/crawl/morgue/Wingboner/morgue-Wingboner-20160518-001444.txt
 34914 | Spider:3 | namelastname112: давай, ты обязан побить
 34914 | Spider:3 | oplop: да ну
 34914 | Spider:3 | oplop: я ж слоупок
 34914 | Spider:3 | oplop: и врядли пойду в тумбу
 34914 | Spider:3 | oplop: меня там задиспелят к хуям
 34914 | Spider:3 | namelastname112: а че тумба
 34914 | Spider:3 | oplop: БОЛЬНО
 34914 | Spider:3 | namelastname112: да кто тебя задиспелит, господи
 34914 | Spider:3 | namelastname112: @??anubis guard
 34914 | Spider:3 | beem: anubis guard (H)
                  | Spd:
    10 | HD: 9    | HP: 41-59
                  | AC/EV: 5/13
                  | Dam: 30, 20(drain)
                  | weapons, items, doors, fighter, priest, evil, see invisible
                  | Res: magic(40), neg+++, torm
                  | Vul: holy
                  | XP: 639
                  | Sp: warning cry [!AM, breath], b.draining (3d17) [!AM, !sil, breath], dispel undead (3d16) [!AM]
                  | Sz: Medium
                  | Int: human.
 34914 | Spider:3 | namelastname112: 40 vh
 34914 | Spider:3 | namelastname112: мр
 34914 | Spider:3 | namelastname112: пиздец страшно
 34914 | Spider:3 | oplop: как ты руну вынес?
 34914 | Spider:3 | oplop: опять спиздил?
 34914 | Spider:3 | namelastname112: какую?
 34914 | Spider:3 | namelastname112: в тумбе?
 34917 | Spider:3 | namelastname112: зачем
 34917 | Spider:3 | oplop: нутак
 34917 | Spider:3 | namelastname112: дискорд же
 35119 | Spider:3 | oplop: бгг
 35119 | Spider:3 | Wingboner: Там эпично было, когда в холипан попал.
 35119 | Spider:3 | namelastname112: вот да
 35119 | Spider:3 | Wingboner: Вместо выхода внезапно руна. Такие-то побеги с горелой жопой.
 35119 | Spider:3 | namelastname112: ебать я пересрал
 35119 | Spider:3 | namelastname112: прям рядом с серафом приземлился
 35119 | Spider:3 | namelastname112: еще и 80 хп примерно
 35370 | Spider:4 | Entered Level 4 of the Spider Nest
 35593 | Spider:4 | namelastname112: я кстати поражаюсь
 35597 | Spider:4 | namelastname112: насколько хорош конфуз
 35597 | Spider:4 | Wingboner: А кто-то, епень вроде, ещё спрашивал, почему ты руну не забрал, кек.
 35597 | Spider:4 | oplop: eue
 35597 | Spider:4 | oplop: угу
 35597 | Spider:4 | namelastname112: на макс спеллпавере можно вполне себе риперов конфузить с 25%
 35597 | Spider:4 | namelastname112: барбариан спрашивал
 35597 | Spider:4 | namelastname112: мол че руну не взял
 35597 | Spider:4 | oplop: жаль масскофуз выпилили
 35597 | Spider:4 | Wingboner: >на макс спеллпавере
 35604 | Spider:4 | namelastname112: ну бля
 35615 | Spider:4 | namelastname112: у меня два энхансера было конечно
 35619 | Spider:4 | namelastname112: и все такео
 35619 | Spider:4 | namelastname112: такое*
 35638 | Spider:4 | Lost mutation: You occasionally shout uncontrollably at your foes. [the power of Zot]
 35640 | Spider:4 | Wingboner: FFFFFFFFFFUUUUUU~~~
 35652 | Spider:4 | namelastname112: че ты
 35728 | Spider:4 | Wingboner: Мне из-за бейли не засчитало спайтфул 3, только 2.
 35733 | Spider:4 | oplop: эх
 35733 | Spider:4 | namelastname112: а что с бейли?
 35733 | Spider:4 | oplop: НЕЛЬЗЯ
 35733 | Spider:4 | namelastname112: нельзя в бейли:
 35733 | Spider:4 | namelastname112: ?
 35733 | Spider:4 | namelastname112: пиздец
 35733 | Spider:4 | Wingboner: Нельзя до выполнения задания.
 35733 | Spider:4 | oplop: до прокида рю нельзя никуда кроме темпла и лейра
 35748 | Spider:4 | namelastname112: лол блять
 35753 | Spider:4 | Wingboner: Я утупил, не подумал, что бейли тоже считается.
 35753 | Spider:4 | namelastname112: бля
 35753 | Spider:4 | oplop: чеб выкинуть
 35753 | Spider:4 | namelastname112: да выпей кровь просто
 35753 | Spider:4 | oplop: все такое нужное
 35753 | Spider:4 | namelastname112: отхилишься заодно
 35757 | Spider:4 | Gained mutation: You are partially covered in yellow scales (AC +2). [potion of beneficial mutation]
 35758 | Spider:4 | namelastname112: норм намутировал
 35766 | Spider:4 | oplop: ато
 35766 | Spider:4 | oplop: там фрейл и еще какое то говно было но их эвольвой смыло
 36134 | Spider:4 | namelastname112: ваш клан на шестом
 36140 | Spider:4 | namelastname112: нормас
 36159 | Spider:4 | oplop: не сыпь соль на рану, кек
 36200 | Spider:4 | namelastname112: дык норм же
 36201 | Spider:4 | namelastname112: лол
 36209 | Spider:4 | oplop: а вот если бы ты у нас был...
 36256 | Spider:4 | namelastname112: ну лол
 36265 | Spider:4 | namelastname112: НЕ СЛОЖИЛОСЬ
 36339 | Spider:4 | oplop: я чет мало вынес
 36339 | Spider:4 | oplop: а очков много
 36339 | Spider:4 | oplop: немнятно
 36383 | Spider:4 | oplop: а, там стрик
 36383 | Spider:4 | oplop: хз
 36417 | Spider:4 | oplop: блядь
 36417 | Spider:4 | oplop: ПОЧЕМУ НЕТУ ДИСКОРДА
 36423 | Spider:4 | Reached XP level 18. HP: 48/127 MP: 23/33
 36430 | Spider:4 | oplop: горите суки
 36467 | Spider:4 | Wingboner: Кем бы мне дальше сыграть...
 36470 | Spider:4 | oplop: с ксомом выиграй
 36490 | Spider:4 | Wingboner: ИДИ В ПЕНЬ
 36499 | Spider:4 | namelastname112: лел
 36499 | Spider:4 | namelastname112: http://puu.sh/oVNSP/562c3ebfb2.jpg
 36509 | Spider:4 | Wingboner: А хотя можно тупо.
 36522 | Spider:4 | Wingboner: Выиграть без него, а в финале взять.
 36522 | Spider:4 | namelastname112: казуал
 36522 | Spider:4 | namelastname112: не засчитается
 36522 | Spider:4 | oplop: лал
 36522 | Spider:4 | namelastname112: там тема спецовая
 36522 | Spider:4 | Wingboner: Где?
 36522 | Spider:4 | namelastname112: ща
 36526 | Spider:4 | oplop: посоны
 36526 | Spider:4 | namelastname112: we say that a player wins with a god if she reaches full (******) piety with that god without worshipping any other god first. Two gods (Gozag and Xom) do not have the usual ****** piety system; to get the points for these gods, you must never worship another god during the game. For "No God", you must never worship a god.
 36526 | Spider:4 | oplop: кровушка все, ёк
 36526 | Spider:4 | Wingboner: Ну и?
 36526 | Spider:4 | Wingboner: Я собираюсь атеистом идти, а в финале на орбране взять Зома.
 36526 | Spider:4 | namelastname112: а
 36526 | Spider:4 | namelastname112: лол
 36526 | Spider:4 | oplop: хитрый план
 36526 | Spider:4 | namelastname112: с ксомом веселее же
 36526 | Spider:4 | oplop: а вдруг не засчитает?
 36526 | Spider:4 | namelastname112: оплоп
 36526 | Spider:4 | namelastname112: выйди в лейр
 36526 | Spider:4 | Wingboner: Лесом такое веселье.
 36526 | Spider:4 | namelastname112: и зажми 5
 36526 | Spider:4 | oplop: А КАК ЖЕ ОЧКИ
 36526 | Spider:4 | oplop: ХОДЫ
 36662 | Spider:4 | namelastname112: ??score
 36662 | Spider:4 | beem: score[1/4]: modified XP + runes * (runes + 12) * 1000. For winners, add 254000 + 2000 * runes + 6250000000 * runes^2/turns.
 36662 | Spider:4 | namelastname112: ??score [2
 36662 | Spider:4 | beem: score[2/4]: Modified xp = 0.7 * xp up to 250,000 + 0.4 * xp between 250,000 and 1M + 0.2 * xp between 1M and 3M + 0.1 * xp above 3M. For an XL27 character, this works out to roughly 0.5M + XP/10. Note that there is an XP cap of 9M (but not in 0.16).
 36663 | Spider:4 | namelastname112: ??score [3
 36663 | Spider:4 | beem: score[3/4]: As of 0.9, inventory value no longer contributes towards your score.
 36664 | Spider:4 | namelastname112: ??score [4
 36665 | Spider:4 | beem: score[4/4]: This doesn't matter.
 36675 | Spider:4 | namelastname112: ^
 36753 | Spider:4 | Got a gossamer rune of Zot
 36767 | Spider:4 | namelastname112: кстати можешь абмрозии попить
 36782 | Spider:4 | namelastname112: если за хп переживаешь
 36792 | Spider:4 | oplop: да, я подумал как раз
 36844 | Spider:3 | namelastname112: !lm . place=spider:4 x=hp
 36848 | Spider:3 | beem: 234. [2016-05-16 21:04:14] [hp=105] namelastname112 the Unseen (L19 VpEn of Gozag) found a gossamer rune of Zot on turn 46890. (Spider:4)
 37082 | Vaults:1 | Entered Level 1 of the Vaults
 37258 | Vaults:1 | namelastname112: !lg log
 37264 | Vaults:1 | beem: 2. LOG the Magician (L7 DsWz of Gozag), slain by a centaur on D:5 on 2016-01-10 21:30:19, with 571 points after 6478 turns and 0:35:27.
 37269 | Vaults:1 | Found Megreg's Food Boutique.
 37278 | Vaults:1 | namelastname112: !lg . log
 37280 | Vaults:1 | Found Wol Itos's Weapon Boutique.
 37283 | Vaults:1 | beem: 4122. namelastname112, XL27 VpEn, T:116420: http://crawl.xtahua.com/crawl/morgue/namelastname112/morgue-namelastname112-20160518-000554.txt
 37287 | Vaults:1 | Found a basalt altar of Yredelemnul.
 37297 | Vaults:1 | oplop: ахуенный магаз
 37462 | Vaults:1 | Noticed Aizul
 37503 | Vaults:1 | Killed Aizul
 37831 | Vaults:1 | Wingboner: Чуть не взял Чеи по привычке.
 37833 | Vaults:1 | namelastname112: читаю лог
 37855 | Vaults:1 | Identified the ring of Disaster {*Confuse rN+ AC+5 Str+7 SInv}
 37863 | Vaults:1 | namelastname112: а у меня туда месседжи из чата пишутся
 37863 | Vaults:1 | oplop: воу-воу
 37863 | Vaults:1 | namelastname112: а я и забыл
 37863 | Vaults:1 | oplop: КОКОЙ КОЛЬЦО
 37863 | Vaults:1 | namelastname112: воу
 37863 | Vaults:1 | Wingboner: Ну да, я ж тебя просил.
 37863 | Vaults:1 | namelastname112: норм колечко
 37863 | Vaults:1 | namelastname112: вместо протекта
 37863 | Vaults:1 | namelastname112: вон
 37863 | Vaults:1 | oplop: надо курс снимать, блин
 37863 | Vaults:1 | oplop: АШЕПРОБЛЕМЫ
 38377 | Vaults:2 | Reached skill level 10 in Summonings
 38415 | Vaults:2 | Wingboner: ЛОЛ
 38439 | Vaults:2 | Wingboner: Я случайно орка вместо яда френзи заплевал.
 38453 | Vaults:2 | oplop: я подавился
 38519 | Vaults:2 | Wingboner: Я от него потом еле убежал.
 38574 | Vaults:2 | Found Qulovouw's Weapon Emporium.
 38663 | Vaults:2 | Wingboner: !stats mihu
 38663 | Vaults:2 | beem: Starting stats for MiHu: Str 16 Int 8 Dex 10. Stat gain: sd/4
 38671 | Vaults:2 | Found Koatuich's Armour Emporium.
 38677 | Vaults:2 | oplop: в чем мне бегать?
 38677 | Vaults:2 | oplop: форевер роба?
 38761 | Vaults:2 | namelastname112: ну
 38768 | Vaults:2 | namelastname112: желательно да
 38772 | Vaults:2 | namelastname112: или можешь сда перемазаться
 38772 | Vaults:2 | Wingboner: Ну можешь уйти к Чеи и носить ГДА.
 38772 | Vaults:2 | oplop: кожанки вроде тоже норм, не
 38772 | Vaults:2 | namelastname112: только кастовать траблово будет
 38772 | Vaults:2 | oplop: сда?
 38786 | Vaults:2 | namelastname112: шадоу драгон
 38788 | Vaults:2 | Gained mutation: You are agile. (Dex +2) [evolution]
 38794 | Vaults:2 | namelastname112: ??wda
 38794 | Vaults:2 | oplop: э
 38794 | Vaults:2 | beem: swamp dragon armour[1/1]: 7AC, 7ER, rPois. Can be created by enchanting a swamp dragon hide.
 38794 | Vaults:2 | oplop: а зачем она?
 38794 | Vaults:2 | namelastname112: ??sda
 38794 | Vaults:2 | beem: sda[1/1]: see {steam dragon armour}, {swamp dragon armour}, {storm dragon armour} or {shadow dragon armour}
 38794 | Vaults:2 | namelastname112: ??shadow da
 38794 | Vaults:2 | beem: I don't have a page labeled shadow_da in my learndb.
 38802 | Vaults:2 | namelastname112: ??shadow dragon armour
 38802 | Vaults:2 | beem: shadow dragon armour[1/1]: 10AC, 15 ER, Stlth++++ (Stlth+ compared to robes). Can be created by enchanting a shadow dragon hide.
 38820 | Vaults:2 | namelastname112: 10 ac
 38844 | Vaults:2 | namelastname112: хули
 38892 | Vaults:2 | namelastname112: вот бля
 38897 | Vaults:2 | namelastname112: стоит куча мобов
 38903 | Vaults:2 | namelastname112: из них синв имеют двое
 38914 | Vaults:2 | oplop: бля
 38914 | Vaults:2 | oplop: Я УСТАЛ
 38914 | Vaults:2 | namelastname112: а ты спреем ебешь
 38916 | Vaults:2 | namelastname112: ОТМАЗЫ
 39136 | Vaults:2 | Found a staircase to the Crypt.
 39159 | Vaults:2 | namelastname112: ммм
 39164 | Vaults:2 | namelastname112: блять
 39175 | Vaults:2 | namelastname112: ты это
 39181 | Vaults:2 | namelastname112: с ревенантом не шути
 39184 | Vaults:2 | namelastname112: @??revenant
 39187 | Vaults:2 | beem: revenant (L)
                  | Spd:
    10 | HD: 18   | HP: 66-94
                  | AC/EV: 8/12
                  | Dam: 26
                  | undead, doors, evil, spellcaster, see invisible, unbreathing
                  | Res: magic(immune), cold++, poison+++, drown, rot+++, neg+++, torm
                  | Vul: holy++
                  | XP: 1931
                  | Sp: ghostly fireball (3d23), spectral cloud, dispel undead (3d27), blink away [emergency]
                  | Sz: Medium
                  | Int: human.
 39193 | Vaults:2 | oplop: я и не шутил
 39193 | Vaults:2 | oplop: ея ему пизды давал
 39193 | Vaults:2 | namelastname112: dispel undead (3d27)
 39193 | Vaults:2 | oplop: а, окай
 39222 | Vaults:2 | Reached XP level 19. HP: 132/132 MP: 26/35
 39318 | Vaults:2 | namelastname112: всякую гадость с диспелом надо сразу в сеточки
 39325 | Vaults:2 | namelastname112: !lg . xeno23 place=tar x=dam
 39326 | Vaults:2 | beem: No keyword 'xeno23'
 39329 | Vaults:2 | namelastname112: !lg xeno23 place=tar x=dam
 39331 | Vaults:2 | beem: 1. [dam=71] xeno23 the Imperceptible (L25 VpEn of Ru), blasted by a Tzitzimitl (dispel undead) (created by the effects of Hell) on Tar:7 (tar_minmay_river) on 2016-04-10 09:56:09, with 996656 points after 85263 turns and 14:06:17.
 39369 | Vaults:2 | oplop: мда
 39436 | Vaults:2 | namelastname112: вот
 39436 | Vaults:2 | oplop: и как мне 15 выносить при таких раскладах?
 39436 | Vaults:2 | namelastname112: иниз один моб видит
 39436 | Vaults:2 | namelastname112: ну как
 39436 | Vaults:2 | namelastname112: лол
 39436 | Vaults:2 | namelastname112: с трудом
 39440 | Vaults:2 | namelastname112: сеточки, иголочки
 39440 | Vaults:2 | namelastname112: такое
 39440 | Vaults:2 | oplop: я засветиться могу
 39449 | Vaults:2 | oplop: а портал прожектайл выпилили?
 39451 | Vaults:2 | namelastname112: нет
 39458 | Vaults:2 | Wingboner: Он вроде в одной только книге.
 39463 | Vaults:2 | namelastname112: он в книжке спейшл тлоков
 39478 | Vaults:2 | namelastname112: хорошая книжка
 39484 | Vaults:2 | namelastname112: из пяти спеллов полезны аж четыре
 39488 | Vaults:2 | namelastname112: или их там шесть, не помню
 39489 | Vaults:2 | Wingboner: Есть два гнолла.
 39622 | Vaults:2 | Wingboner: Один с копьём яда, другой с алебардой дисторта.
 39655 | Vaults:2 | namelastname112: ??book of spatial translocations
 39656 | Vaults:2 | beem: book of spatial translocations[1/1]: Apportation, Portal Projectile, Blink, Shroud of Golubria, Teleport Other, Passage of Golubria
 39658 | Vaults:2 | namelastname112: ммм
 39658 | Vaults:2 | namelastname112: на какой сам сядешь
 39667 | Vaults:2 | namelastname112: на какой анцестора посадишь
 39830 | Vaults:3 | namelastname112: тебе кб не завезли?
 39857 | Vaults:3 | Wingboner: В итоге оттащил ядовитого по лестнице, отобрал у него копьё, потом этим копьём ткнул дистортного и сбежал, тот сгнил.
 39863 | Vaults:3 | namelastname112: лол
 39893 | Vaults:3 | namelastname112: хитрый план
 40217 | Vaults:3 | Gained mutation: You have a somewhat thin skeletal structure (Dex +2, Stealth). [potion of beneficial mutation]
 40224 | Vaults:3 | Wingboner: ??crosstrain
 40224 | Vaults:3 | beem: cross training[1/2]: 40% of the exp (not levels!) in any weapon skill is used to boost the cross-trained skill for free. Short <-> Long Blades, Maces <-> Axes, Axes <-> Polearms, Polearms <-> Staves, Maces <-> Staves, Slings <-> Throwing
 40567 | Vaults:3 | Wingboner: Походу надо топоры качать, чтоб был кросстрейн на древковое и дубины.
 41044 | Vaults:4 | namelastname112: @??brimstone fiend
 41046 | Vaults:4 | beem: Brimstone Fiend (1)
                  | Spd:
    10 | HD: 18   | HP: 80-115
                  | AC/EV: 15/6
                  | Dam: 25, 15, 15
                  | demonic, doors, unholy, see invisible, fly
                  | Res: magic(immune), damnation, fire+++, poison, rot, neg+++, torm
                  | Vul: cold, drown, holy++
                  | XP: 3331
                  | Sp: hurl damnation (3d20) [!sil], s.torment [!sil]
                  | Sz: Large
                  | Int: human.
 41102 | Vaults:4 | namelastname112: @??tzitzimitl
 41103 | Vaults:4 | beem: Tzitzimitl (1)
                  | Spd:
    10 | HD: 22   | HP: 87-121
                  | AC/EV: 12/16
                  | Dam: 27(claw)(miasmata), 18(pain), 14(drain)
                  | demonic, doors, evil, unholy, see invisible, fly
                  | Res: magic(immune), cold++, elec, poison, rot, neg+++, torm
                  | Vul: holy++
                  | XP: 3650
                  | Sp: b.cold (3d32) [!sil], b.draining (3d29) [!sil], s.torment [!sil], dispel undead (3d32)
 41135 | Vaults:4 | namelastname112: лол
 41211 | Vaults:4 | namelastname112: бримы бомжи без рэлека
 41240 | Vaults:4 | namelastname112: то-то я их арком так ковырял
 41297 | Vaults:4 | oplop: да арк вообще збс
 41305 | Vaults:4 | namelastname112: ну ла
 41305 | Vaults:4 | namelastname112: да*
 41321 | Vaults:4 | namelastname112: особенно учитывая мои +10 слея
 41809 | Vaults:4 | namelastname112: че у тебя за роба ща
 41844 | Vaults:4 | oplop: ha
 41844 | Vaults:4 | oplop: рф
 41844 | Vaults:4 | namelastname112: архимага не валяется?
 41844 | Vaults:4 | namelastname112: о
 41844 | Vaults:4 | namelastname112: менагеря 3%
 41855 | Vaults:4 | namelastname112: и сгт тоже
 41863 | Vaults:4 | Learned a level 7 spell: Monstrous Menagerie
 41863 | Vaults:4 | namelastname112: тлоки подними малеха
 41863 | Vaults:4 | oplop: демоны ведь пизды могут дать
 41863 | Vaults:4 | oplop: ??summon forest
 41863 | Vaults:4 | beem: summon forest[1/1]: L5 Summ/Tloc in the book of the Warp and Summonings (Fen Folio in 0.17). Temporarily turns some nearby rock walls into trees, sometimes creates a small pool of water, and summons a dryad which can cast Awaken Forest and summon vines to pull monsters into the trees. Requires open space to cast.
 41863 | Vaults:4 | namelastname112: ну
 41863 | Vaults:4 | namelastname112: там как
 41863 | Vaults:4 | namelastname112: если ты двушку призываешь
 41863 | Vaults:4 | namelastname112: то не могут
 41863 | Vaults:4 | namelastname112: а если единичку
 41863 | Vaults:4 | namelastname112: то да
 41863 | Vaults:4 | namelastname112: по истечении времени
 41863 | Vaults:4 | oplop: двушку?
 41863 | Vaults:4 | namelastname112: они будут давать тебе пизды
 41906 | Vaults:4 | namelastname112: ??2
 41911 | Vaults:4 | beem: 2[1/1]: The tier 2 demons. Summoned, along with {1}s, by {Summon Greater Demon}. They are: {balrug}, {blizzard demon}, {shadow demon}, {cacodemon}, {green death}, {hell beast}, {hellion}, {lorocyproca}, {reaper}, {tormentor}.
 41911 | Vaults:4 | namelastname112: ??sgt
 41911 | Vaults:4 | beem: I don't have a page labeled sgt in my learndb. Did you mean: sgd, sht, st, ugt, sts.
 41916 | Vaults:4 | Reached XP level 20. HP: 139/139 MP: 30/38
 41932 | Vaults:4 | namelastname112: ??summon greater demon
 41936 | Vaults:4 | beem: summon greater demon[1/1]: Summons a 1 or 2, the mightiest classes of demonry. Chance of summoning a hostile demon is 6/power. Even if originally friendly, a 1 summoned by this spell will turn hostile shortly before timing out. Level 7.
 41949 | Vaults:4 | Wingboner: ВОТ И ВЫРОСЛО ПОКОЛЕНИЕ, ГЛИФОВ НЕ ЗНАЮЩЕЕ
 42008 | Vaults:4 | Found Dorurr's Assorted Antiques.
 42009 | Vaults:4 | namelastname112: ну лол
 42009 | Vaults:4 | namelastname112: я вот тайлоребенок
 42016 | Vaults:4 | namelastname112: но кой-че знаю
 42016 | Vaults:4 | namelastname112: мммм
 42016 | Vaults:4 | oplop: ааамулетик
 42016 | Vaults:4 | namelastname112: четыре ветра
 42016 | Vaults:4 | Wingboner: О. Я с ним как раз только что выиграл.
 42016 | Vaults:4 | namelastname112: которые тебе не нужны
 42016 | Vaults:4 | oplop: чому
 42016 | Vaults:4 | oplop: мр же
 42016 | Vaults:4 | oplop: у меня мр по нулям
 42016 | Vaults:4 | namelastname112: ну мр и все
 42016 | Vaults:4 | namelastname112: кляр есть
 42016 | Vaults:4 | namelastname112: рн есть
 42016 | Vaults:4 | namelastname112: не, ну если у тебя говно сейчас
 42016 | Vaults:4 | namelastname112: в слоте амуля
 42016 | Vaults:4 | oplop: у меня реген надет ща, лол
 42016 | Vaults:4 | namelastname112: то можно
 42016 | Vaults:4 | namelastname112: а
 42016 | Vaults:4 | namelastname112: лол
 42016 | Vaults:4 | namelastname112: книжки еще какие-то
 42016 | Vaults:4 | oplop: НЕПОНЯТНЫЕ
 42016 | Vaults:4 | oplop: в пизду короче
 42016 | Vaults:4 | oplop: надо эльфов вынести
 42016 | Vaults:4 | oplop: а потом закупаться
 42071 | Vaults:4 | Found Litiluh's Weapon Boutique.
 42092 | Vaults:4 | namelastname112: ты в эльфах не был еще?
 42095 | Vaults:4 | namelastname112: охуеть
 42095 | Vaults:4 | oplop: неа
 42095 | Vaults:4 | namelastname112: я один ебанутый такой чели
 42140 | Vaults:4 | namelastname112: до бранчей лейра их делаю
 42284 | Vaults:4 | namelastname112: сало и инвиз там убивают все
 42335 | Vaults:4 | Identified the +5 shield of Refuge {rC+}
 42382 | Vaults:4 | oplop: ммм
 42382 | Vaults:4 | namelastname112: !lg . place=elf:3 x=xl
 42382 | Vaults:4 | oplop: щиток
 42382 | Vaults:4 | beem: 15. [xl=17] namelastname112 the Lord of Darkness (L17 DrNe of Kikubaaqudgha), shot by a deep elf master archer (arrow) (kmap: nooodl_elf_gasket) on Elf:3 on 2016-04-27 16:55:25, with 195338 points after 40808 turns and 2:02:18.
 42560 | Vaults:1 | namelastname112: !lg . place=elf:3 x=xl vp
 42560 | Vaults:1 | beem: No games for namelastname112 (place=elf:3 vp).
 42663 | Orc:2    | namelastname112: !lm . place=elf:3 x=xl
 42685 | Elf:1    | Entered Level 1 of the Elven Halls
 42686 | Elf:1    | beem: 386. [2016-05-16 20:27:40] [xl=16] namelastname112 the Unseen (L16 VpEn of Gozag) reached level 3 of the Elven Halls on turn 34352. (Elf:3)
 42700 | Elf:1    | Found a radiant altar of Vehumet.
 42707 | Elf:1    | Wingboner: !lg namelastname112 place=elf:3 s=xl
 42709 | Elf:1    | beem: 15 games for namelastname112 (place=elf:3): 4x 19, 4x 18, 3x 20, 2x 17, 21, 16
 42709 | Elf:1    | oplop: хуя он выдал
 42729 | Elf:1    | Paralysed by an orc sorcerer for 2 turns
 42862 | Elf:1    | namelastname112: в абисс отправитесь, дядя
 42891 | Elf:1    | oplop: норм
 42891 | Elf:1    | oplop: руну вынесу
 42976 | Elf:1    | Wingboner: Так амулет вдувателя же есть?
 43026 | Elf:1    | Wingboner: Почему в бездну?
 43033 | Elf:1    | oplop: я не купил
 43033 | Elf:1    | namelastname112: он его не купил видать
 43033 | Elf:1    | oplop: я ЭКОНОМНЫЙ
 43282 | Elf:1    | namelastname112: в холл ножей зайди кстати
 43437 | Elf:1    | oplop: экзек в сракотан получить?
 43449 | Elf:1    | namelastname112: И Н В И З
 43558 | Elf:1    | Identified the amulet "Wadghoze" {Harm *Drain +Fly MR+}
 43562 | Elf:1    | namelastname112: Н
 43562 | Elf:1    | namelastname112: В
 43562 | Elf:1    | namelastname112: И
 43562 | Elf:1    | namelastname112: З
 43562 | Elf:1    | oplop: да я знаю
 43627 | Elf:1    | namelastname112: ммм
 43628 | Elf:1    | namelastname112: крепость бомжей
 43655 | Elf:1    | namelastname112: мог бы это
 43684 | Elf:1    | namelastname112: че посерьезнее суммонить уже
 43706 | Elf:1    | namelastname112: гейтвейчик вон
 43750 | Elf:1    | namelastname112: гейтвей еще и не абжурится
 43796 | Elf:1    | oplop: мммм
 43834 | Elf:2    | Found an ancient bone altar of Kikubaaqudgha.
 43903 | Elf:2    | Found Rucheif's Book Shop.
 43925 | Elf:2    | namelastname112: ммм
 43930 | Elf:2    | namelastname112: книжный
 43937 | Elf:2    | namelastname112: че там у нас
 43937 | Elf:2    | namelastname112: манул
 43937 | Elf:2    | namelastname112: акага
 43937 | Elf:2    | namelastname112: книга тлоков
 43937 | Elf:2    | oplop: второй мануал шб уже
 43937 | Elf:2    | namelastname112: спейшл тлокс годная
 43937 | Elf:2    | namelastname112: но сначала эльфы
 43937 | Elf:2    | namelastname112: мб там лежит
 44105 | Elf:2    | Found a runed gate.
 44105 | Elf:2    | Found a runed gate.
 44106 | Elf:2    | Found a runed gate.
 44196 | Elf:2    | Gained mutation: Your movements are slightly less encumbered by armour (ER -2). [evolution]
 44206 | Elf:2    | namelastname112: лол
 44207 | Elf:2    | namelastname112: вот это ЭВОЛВ
 44207 | Elf:2    | oplop: эвольв доставляет
 44207 | Elf:2    | namelastname112: ну ринг вон ниче
 44207 | Elf:2    | namelastname112: мейл
 44207 | Elf:2    | namelastname112: w
 44207 | Elf:2    | Wingboner: Что у тебя за щиток, что +5 с резистом на земле валяется?
 44207 | Elf:2    | oplop: +0 баклер
 44207 | Elf:2    | Wingboner: о_О
 44207 | Elf:2    | oplop: конечно же
 44207 | Elf:2    | namelastname112: сначала щиты надо
 44207 | Elf:2    | namelastname112: до 15
 44207 | Elf:2    | namelastname112: потом уже брать
 44207 | Elf:2    | oplop: ??ringmail
 44207 | Elf:2    | beem: ringmail ~ ring mail[1/1]: 5AC, 7ER.
 44207 | Elf:2    | oplop: ??robe
 44207 | Elf:2    | beem: robe[1/2]: 2AC, 0ER. Robes have unique {archmagi} and {resistance} body armour egos.
 44207 | Elf:2    | namelastname112: ну 5 ер вряд ли сильно стелс порежут
 44207 | Elf:2    | oplop: так армор еще качать
 44207 | Elf:2    | oplop: он 0
 44334 | Elf:2    | namelastname112: лол блять
 44344 | Elf:2    | namelastname112: а почему
 44510 | Elf:2    | oplop: ммм
 44510 | Elf:2    | oplop: я в робе, нафига мне армор качать
 44521 | Elf:2    | namelastname112: ну хз, я все равно качал
 44546 | Elf:2    | namelastname112: вообще не ебу, как этот скилл работает
 44551 | Elf:2    | namelastname112: и че дает
 44562 | Elf:2    | namelastname112: ммм
 44562 | Elf:2    | namelastname112: вилочка
 44568 | Elf:2    | Reached skill level 15 in Throwing
 44625 | Elf:2    | Wingboner: Ну смотри. У робы базовый АС 2, у шапки, перчаток и плаща по 1.
 44627 | Elf:2    | Wingboner: В сумме 5.
 44627 | Elf:2    | Wingboner: !ac 5
 44627 | Elf:2    | beem: 4.4 armour skill per 1 AC for 5 base AC
 44670 | Elf:2    | Wingboner: Каждые 4.4 скила дадут тебе +1 AC.
 44671 | Elf:2    | Wingboner: Всё.
 44671 | Elf:2    | namelastname112: мда
 44671 | Elf:2    | namelastname112: говняно
 44671 | Elf:2    | namelastname112: ну аш забустит
 44671 | Elf:2    | oplop: ну он вроде ER компенсирует частично, не?
 44671 | Elf:2    | Wingboner: Да, но в робе же ER нет.
 44671 | Elf:2    | oplop: я про ингмейл
 44694 | Elf:2    | Wingboner: А, ну там да.
 44702 | Elf:2    | Wingboner: ??ring mail
 44704 | Elf:2    | beem: ring mail[1/1]: 5AC, 7ER.
 44737 | Elf:2    | Wingboner: !ac 8
 44737 | Elf:2    | beem: 2.75 armour skill per 1 AC for 8 base AC
 44737 | Elf:2    | oplop: хол ножей как всегда говно
 44737 | Elf:2    | Wingboner: !aevp 7 10
 44737 | Elf:2    | beem: ER=7, str=10, armour skill= : -1 EV
 44791 | Elf:3    | Entered Level 3 of the Elven Halls
 44794 | Elf:3    | Found Siucuram's Armour Shop.
 44799 | Elf:3    | Wingboner: !aevp 7 7 10
 44801 | Elf:3    | beem: ER=7, str=7, armour skill=10 : -1 EV
 44812 | Elf:3    | oplop: ФАПОЧКА
 44812 | Elf:3    | namelastname112: ммммм
 44812 | Elf:3    | namelastname112: пундеринг
 44812 | Elf:3    | namelastname112: о
 44812 | Elf:3    | namelastname112: и роба
 44812 | Elf:3    | namelastname112: архимага
 44884 | Elf:3    | namelastname112: фу блять
 44893 | Elf:3    | namelastname112: опять этот волт
 44921 | Elf:3    | namelastname112: такое он говно
 44951 | Elf:3    | namelastname112: тебе сало не завезли?
 44951 | Elf:3    | oplop: завезли
 44951 | Elf:3    | namelastname112: понятно
 44951 | Elf:3    | oplop: 1 штук
 44951 | Elf:3    | oplop: хыхы
 45718 | Elf:3    | oplop: а
 45718 | Elf:3    | oplop: вспомнил
 45718 | Elf:3    | oplop: бля
 45718 | Elf:3    | namelastname112: ммм
 45719 | Elf:3    | namelastname112: лол
 45721 | Elf:3    | Identified the amulet "Iqeil" {Dismiss *Corrode rF- rN++ MR+++}
 45721 | Elf:3    | namelastname112: гейтвеем можешь насрать?
 45725 | Elf:3    | oplop: могу
 45725 | Elf:3    | oplop: ща выучу, лол
 45725 | Elf:3    | namelastname112: финишер лежит
 45733 | Elf:3    | Learned a level 7 spell: Malign Gateway
 45733 | Elf:3    | oplop: это че за коса
 45733 | Elf:3    | namelastname112: финишер
 45733 | Elf:3    | oplop: круто
 45733 | Elf:3    | oplop: просто коса скорости?
 45733 | Elf:3    | namelastname112: ну да
 45733 | Elf:3    | namelastname112: лол
 45733 | Elf:3    | oplop: ??finisher
 45733 | Elf:3    | beem: finisher[1/1]: The +5 scythe "Finisher" {speed, Str+3}.
 45738 | Elf:3    | namelastname112: лол
 45738 | Elf:3    | namelastname112: удобно
 45738 | Elf:3    | oplop: так, их ща будет ебать, мне можно отойти?
 45738 | Elf:3    | namelastname112: да
 45748 | Elf:3    | oplop: посредстевнно
 45748 | Elf:3    | oplop: хентаклю лава не нравится видимо
 45748 | Elf:3    | namelastname112: @??eldritch tentacle
 45750 | Elf:3    | beem: eldritch tentacle (w)
                  | Spd: 12 (stationary)
                  | HD: 16
                  | HP: 102-140
                  | AC/EV: 13/0
                  | Dam: 30(chaos), 40(claw)(chaos)
                  | non-living, amphibious, see invisible, fly, unbreathing
                  | Res: magic(immune), fire+++, cold+++, elec+++, poison+++, acid+++, drown, rot+++, neg+++, torm, napalm
                  | Vul: silver
                  | XP:
  2295 | Sz: Giant | Int: animal.
 45765 | Elf:3    | namelastname112: рхэллфайр нет
 45777 | Elf:3    | oplop: мммм
 45777 | Elf:3    | oplop: мм
 45786 | Elf:3    | Wingboner: Мы с Рупертом убили Руперта.
 45794 | Elf:3    | namelastname112: зеркальце?
 45807 | Elf:3    | Wingboner: Агась.
 45835 | Elf:3    | namelastname112: лол
 45835 | Elf:3    | namelastname112: норм тентакль там
 45868 | Elf:3    | oplop: да
 45868 | Elf:3    | oplop: ничотак
 45904 | Elf:3    | namelastname112: бедные эльфы
 45906 | Elf:3    | namelastname112: сидели себе там
 45906 | Elf:3    | oplop: такая то ТАКТИКА
 45909 | Elf:3    | namelastname112: пришло какое-то хуйло
 45918 | Elf:3    | namelastname112: начало блять щупалы звать
 45922 | Elf:3    | namelastname112: вообще охуеть
 45936 | Elf:3    | oplop: щупальце всех ПОЩУПАЛО
 45953 | Elf:3    | oplop: ммм
 45953 | Elf:3    | oplop: абажур чтоль выучить
 45977 | Elf:3    | Identified the ring of Scepticism {MP+9 Str+5}
 45977 | Elf:3    | Identified the ring "Xyazxuyl" {*Corrode rF++ rN+}
 45990 | Elf:3    | namelastname112: знаешь че тебе надо выучить нахой
 45991 | Elf:3    | namelastname112: ХАУНТ
 46002 | Elf:3    | namelastname112: ну овн
 46002 | Elf:3    | oplop: говнокольца
 46002 | Elf:3    | namelastname112: вон*
 46002 | Elf:3    | namelastname112: рф++
 46002 | Elf:3    | namelastname112: для зота
 46002 | Elf:3    | oplop: CORRODE
 46002 | Elf:3    | namelastname112: и прочих плохих мест
 46002 | Elf:3    | namelastname112: ой блять и че
 46052 | Elf:3    | namelastname112: свиток вулна взял бы
 46081 | Elf:3    | namelastname112: пиздец конечно
 46081 | Elf:3    | oplop: мож силу качнуть?
 46081 | Elf:3    | namelastname112: тентакля не прощает
 46081 | Elf:3    | namelastname112: качни
 46081 | Elf:3    | Reached XP level 21. HP: 134/147 MP: 23/39
 46093 | Elf:3    | namelastname112: остального и так дохуя
 46107 | Elf:3    | namelastname112: вот да
 46112 | Elf:3    | namelastname112: ты бы рядом с ней не стоял
 46114 | Elf:3    | namelastname112: о
 46114 | Elf:3    | namelastname112: сальцо
 46114 | Elf:3    | namelastname112: дефлект
 46114 | Elf:3    | oplop: дефлект
 46114 | Elf:3    | namelastname112: найс
 46121 | Elf:3    | Learned a level 6 spell: Deflect Missiles
 46194 | Elf:3    | namelastname112: даггер бы это
 46194 | Elf:3    | namelastname112: проверил
 46194 | Elf:3    | Wingboner: ??horns
 46194 | Elf:3    | beem: horns[1/1]: Could you headbutt before? No. But now you can. Lv 1 allows hats only, Lv 3 blocks all headgear. Also makes your headbutts hurt more. Bigger horns, bigger pain.
 46194 | Elf:3    | namelastname112: вдруг он +100500
 46194 | Elf:3    | oplop: он дрейновый
 46194 | Elf:3    | oplop: нафиг он такой нужен
 46197 | Elf:3    | Wingboner: Шапка закрывает рога, или работают?
 46197 | Elf:3    | Got the dagger of Fedhas {drain, MP+9 Str+3}
 46198 | Elf:3    | namelastname112: норм бренд тащемта
 46198 | Elf:3    | Identified the +10 dagger of Fedhas {drain, MP+9 Str+3} (You found it on level 3 of the Elven Halls)
 46199 | Elf:3    | namelastname112: работают
 46199 | Elf:3    | namelastname112: через шапку будешь
 46199 | Elf:3    | Wingboner: У меня просто шапка совета на минотвари в магазине.
 46199 | Elf:3    | namelastname112: ну и норм лдаггер
 46199 | Elf:3    | oplop: хз
 46199 | Elf:3    | oplop: рапира то получше
 46199 | Elf:3    | oplop: не
 46199 | Elf:3    | namelastname112: казуал
 46199 | Elf:3    | namelastname112: скажи
 46199 | Elf:3    | namelastname112: че лучше
 46199 | Elf:3    | namelastname112: даггер или рапира?
 46199 | Elf:3    | namelastname112: алсо даггер стабает лучше
 46199 | Elf:3    | Wingboner: Из этих нож скорее всего. Плюс укус же.
 46201 | Elf:3    | namelastname112: кускус
 46201 | Elf:2    | namelastname112: эх
 46297 | Elf:2    | namelastname112: тебе еще столько спеллов учить
 46297 | Elf:2    | oplop: нахуй только мне их столько
 46297 | Elf:2    | oplop: я хз
 46297 | Elf:2    | namelastname112: ну лол
 46297 | Elf:2    | namelastname112: сало, пог, блинк, аппорт, диско
 46297 | Elf:2    | namelastname112: ппж
 46297 | Elf:2    | oplop: ??portal projectile
 46297 | Elf:2    | beem: portal projectile[1/2]: Teleports a fired (wield launcher) or thrown missile directly to its target, greatly increasing its accuracy (but not damage). Has many interesting tactical uses, e.g. hitting the orc priest hanging out behind the pack. Does not pass (transparent) walls. It is the rough opposite of apportation, in that it can also fire whatever wherever whyever.
 46297 | Elf:2    | oplop: ??portal projectile[2
 46297 | Elf:2    | beem: portal projectile[2/2]: Projectiles of returning do not return when Portal'd.
 46297 | Elf:2    | oplop: ДОРОХО
 46297 | Elf:2    | oplop: хочу мануал файтинга купить
 46333 | Elf:3    | namelastname112: а шапку не хошь
 46333 | Elf:3    | oplop: ??hat of pondering
 46333 | Elf:3    | beem: hat of pondering[1/4]: +3 hat with {ponderousness}, MR+, +5 int and +10 MP. Sometimes Gastronok is wearing it!
 46333 | Elf:3    | oplop: сколько она там делея дает
 46333 | Elf:3    | namelastname112: 1
 46333 | Elf:3    | namelastname112: 1.1 будет
 46333 | Elf:3    | oplop: ну эт хуйня
 46352 | Elf:3    | Bought the +3 hat of Pondering {ponderous, MR+ MP+10 Int+5} for 273 gold pieces
 46352 | Elf:3    | Bought a +1 robe of the Archmagi for 523 gold pieces
 46374 | Elf:3    | namelastname112: а тайл-то какой
 46380 | Elf:3    | oplop: ?
 46380 | Elf:3    | namelastname112: у шляпы
 46380 | Elf:3    | namelastname112: прям ВОЛШЕБНИК
 46380 | Elf:3    | oplop: бля, и щиты надо качать
 46380 | Elf:3    | oplop: все надо качать
 46381 | Elf:3    | Wingboner: У меня орк:4 с килхолом сгенерился.
 46381 | Elf:3    | oplop: с чем?
 46381 | Elf:3    | Wingboner: ??killhole
 46381 | Elf:3    | beem: killhole[1/2]: Dig two squares diagonally into a wall, make a 90 degree turn, disintegrate one more tile, sit in that tile. Comes from Angband, where it is used to prevent more than one thing from having LoS on you. Formicids love this, but anyone can make one with the right tools. Diagram: http://crawl.develz.org/tavern/viewtopic.php?t=11488#p160454
 46381 | Elf:3    | namelastname112: >орк:4
 46381 | Elf:3    | oplop: а
 46381 | Elf:3    | Wingboner: Тьфу. 2
 46381 | Elf:3    | oplop: яснор
 46381 | Elf:3    | Wingboner: По привычке.
 46381 | Elf:3    | oplop: блин, кольцо на дексу выкинуть чтоль
 46381 | Elf:3    | oplop: прийдется
 46381 | Elf:3    | oplop: мне ветра неособо то инужны
 46381 | Elf:3    | oplop: можно вон вообще харм нацепить
 46381 | Elf:3    | oplop: и оргебать
 46381 | Elf:3    | oplop: хыхы
 46381 | Elf:3    | oplop: идеи?
 46381 | Elf:3    | oplop: робу и шляпу можно закурсить наверн
 46381 | Elf:3    | namelastname112: харм говно
 46381 | Elf:3    | namelastname112: робу и шляпу да, курси
 46621 | Depths:1 | Entered Level 1 of the Depths
 46628 | D:15     | Reached skill level 1 in Air Magic
 46638 | D:15     | oplop: этот спеллповер
 46638 | D:15     | namelastname112: ну а че
 46638 | D:15     | namelastname112: ??fighting
 46638 | D:15     | beem: fighting[1/1]: The Fighting skill gives you a bonus to accuracy and damage in melee and ranged, and improves your hit points by Fighting * (3/2 + XL/14) (see {hp}). Its effect on your damage is 0.83x the effect of weapon skill (not counting increases in attack speed), so if you want to hit hard then train it too.
 46638 | D:15     | oplop: ?
 46638 | D:15     | namelastname112: xt
 46638 | D:15     | namelastname112: че
 46638 | D:15     | namelastname112: давай
 46638 | D:15     | namelastname112: убивай
 46638 | D:15     | namelastname112: ты же тут за этим
 46829 | Depths:1 | oplop: лол
 46829 | Depths:1 | oplop: хентакль вызвал ворльдбиндера
 47007 | Depths:1 | namelastname112: хаос
 47007 | Depths:1 | namelastname112: хули
 47218 | Depths:1 | Found a gateway to Hell.
 47717 | Depths:2 | oplop: нейм
 47717 | Depths:2 | oplop: обо что мне в адах лечиться?
 47734 | Depths:2 | Wingboner: Апстену не предлагать?
 47740 | Depths:2 | Reached skill level 15 in Dodging
 47751 | Depths:2 | oplop: нит
 47751 | Depths:2 | Wingboner: Тогда вариантов нет.
 47774 | Depths:2 | namelastname112: лол
 47776 | Depths:2 | namelastname112: ну
 47788 | Depths:2 | namelastname112: в адах иногда есть еда
 47794 | Depths:2 | namelastname112: в аду некры и хэлл найты
 47805 | Depths:2 | namelastname112: в дисе гиганты
 47807 | Depths:2 | namelastname112: и троли
 47834 | Depths:2 | namelastname112: в коке айс драконы и шрайки
 47863 | Depths:2 | Found a one-way gate leading to the halls of Pandemonium.
 47954 | Depths:2 | namelastname112: а в таре пизда
 48002 | Depths:2 | namelastname112: собаки разве что
 48013 | Depths:2 | oplop: ммм, пиздятинка
 48033 | Depths:2 | Cast into level 3 of the Abyss (a lich)
 48034 | Abyss:3  | oplop: о
 48034 | Abyss:3  | oplop: абус
 48034 | Abyss:3  | oplop: 3
 48048 | Abyss:3  | namelastname112: абуз
 48185 | Abyss:3  | namelastname112: иголочки
 48187 | Abyss:3  | namelastname112: ммм
 48188 | Depths:2 | Escaped the Abyss
 48189 | Depths:2 | namelastname112: иголочки это хорошо
 48189 | Depths:2 | namelastname112: это полезно
 48225 | Depths:2 | Found a runed gate.
 48225 | Depths:2 | Found a runed gate.
 48225 | Depths:2 | Found a runed gate.
 48673 | Depths:3 | Reached skill level 5 in Shields
 48749 | Depths:3 | Noticed a juggernaut
 48783 | Depths:3 | namelastname112: вообще в адах не так плохо
 48784 | Depths:3 | namelastname112: только в таре пизда
 48784 | Depths:3 | oplop: интернеты наебнулись
 48784 | Depths:3 | namelastname112: потому что ТЗИТЗИМИЛЫ
 48784 | Depths:3 | oplop: сижу через телефон, лол
 48784 | Depths:3 | namelastname112: лол
 48784 | Depths:3 | oplop: а они только в таре?
 48789 | Depths:3 | namelastname112: не оплатил типа?
 48790 | Depths:3 | namelastname112: ну бля
 48790 | Depths:3 | namelastname112: они в пане иногда
 48790 | Depths:3 | oplop: провайдер ебанулся
 48790 | Depths:3 | namelastname112: но в таре их вот прям дохуя
 48790 | Depths:3 | oplop: неебу че такое
 48798 | Depths:3 | namelastname112: лол
 48809 | Depths:3 | namelastname112: в смысле ебанулся
 48809 | Depths:3 | oplop: ну сдохло у него чето
 48813 | Depths:3 | namelastname112: а
 48934 | Depths:3 | oplop: походу не будет у меня дискорда
 48934 | Depths:3 | oplop: эх
 48985 | Depths:3 | Found a one-way gate to the infinite horrors of the Abyss.
 49013 | Depths:3 | Noticed Jory
 49023 | Depths:3 | Wingboner: Крипту чистил?
 49025 | Depths:3 | oplop: нет
 49025 | Depths:3 | oplop: только в жепсы пришел
 49025 | Depths:3 | oplop: ??jory
 49025 | Depths:3 | beem: jory[1/2]: Unique vampire with crystal spear. And mesmerise. And crystal spear. No longer restricted to vaults! (And his tower isn't silent any more.)
 49025 | Depths:3 | oplop: ??jory[2
 49025 | Depths:3 | beem: jory[2/2]: got his first kill 27 months after being added
 49025 | Depths:3 | oplop: ЛОЛ
 49028 | Depths:3 | oplop: чем мне его ебнуть то
 49032 | Depths:3 | namelastname112: о
 49036 | Depths:3 | Wingboner: Щщщупальцем.
 49036 | Depths:3 | Reached XP level 22. HP: 157/157 MP: 40/40
 49038 | Depths:3 | namelastname112: крепость жоры
 49038 | Depths:3 | oplop: щупальцу тут ТЕСНО
 49038 | Depths:3 | oplop: оно не хочет тут щупать
 49040 | Depths:3 | namelastname112: а ты это
 49040 | Depths:3 | namelastname112: во
 49040 | Depths:3 | namelastname112: тут кастани
 49040 | Depths:3 | namelastname112: где ща стоишь
 49040 | Depths:3 | namelastname112: пиздец
 49040 | Depths:3 | namelastname112: бред
 49054 | Depths:3 | Killed Jory
 49055 | Depths:3 | oplop: жору зоопарк съел
 49056 | Depths:3 | namelastname112: Я ТУТ НАХУЙ ДРАКУЛА
 49222 | Depths:3 | Noticed Margery
 49222 | Depths:3 | oplop: о
 49222 | Depths:3 | oplop: маржа
 49222 | Depths:3 | oplop: ??margery
 49222 | Depths:3 | beem: margery[1/2]: A lithe spellcaster escorted by hell knights. Usually wearing fire, mottled, or swamp dragon armour. Spells: bolt of fire, fireball.
 49222 | Depths:3 | oplop: ??margery[2
 49222 | Depths:3 | beem: hell knight[2/2]: 44.4% no brand, 28.9% flaming, 8.89% draining, 8.89% vorpal, 4.44% pain, 4.44% distortion.
 49222 | Depths:3 | oplop: @??margery
 49222 | Depths:3 | beem: Margery (@)
                  | Spd:
    10 | HD: 22   | HP: 135-190
                  | AC/EV: 7/9
                  | Dam: 30
                  | weapons, items, doors, spellcaster, see invisible
                  | Res: magic(140)
                  | XP: 5115
                  | Sp: b.fire (3d32), fireball (3d33)
                  | Sz: Medium
                  | Int: human.
 49222 | Depths:3 | oplop: >HD22
 49222 | Depths:3 | oplop: наайс
 49222 | Depths:3 | oplop: как хеллорд
 49227 | Depths:3 | Killed Margery
 49228 | Depths:3 | oplop: тыц
 49228 | Depths:3 | oplop: You stick Margery like a pincushion!!!!!
 49228 | Depths:3 | Reached skill level 16 in Dodging
 49241 | Depths:3 | Reached skill level 10 in Fighting
 49245 | Depths:3 | namelastname112: у нее файрбол как у оофа
 49256 | Depths:3 | namelastname112: блять
 49277 | Depths:3 | namelastname112: @??orb of fire
 49277 | Depths:3 | beem: orb of fire (*)
                  | Spd:
    15 | HD: 30   | HP: 120-178
                  | AC/EV: 20/20
                  | non-living, see invisible, fly, unbreathing
                  | Res: magic(immune), fire+++, cold, elec+++, poison+++, rot+++, neg+++, torm, napalm
                  | Vul: silver
                  | XP: 8569
                  | Sp: b.fire (3d40) [!sil], fireball (3d43) [!sil], malmutate [!sil]
                  | Sz: little
                  | Int: human.
 49337 | Depths:3 | namelastname112: ну почти
 49342 | Depths:3 | oplop: ой
 49342 | Depths:3 | oplop: вэй
 49357 | Depths:3 | Killed a juggernaut
 49369 | Depths:3 | oplop: хентакль молодец
 49405 | Depths:3 | namelastname112: бля
 49410 | Depths:3 | namelastname112: там дверь рунная была
 49425 | Depths:3 | namelastname112: на каком-то этаже
 49425 | Depths:3 | namelastname112: не?
 49425 | Depths:3 | oplop: там за ней зоопарк
 49425 | Depths:3 | namelastname112: другая вроде
 49425 | Depths:2 | namelastname112: а
 49425 | Depths:2 | namelastname112: лол
 49425 | Depths:2 | namelastname112: че там внутри-то?
 49425 | Depths:2 | oplop: че туда лезть?
 49425 | Depths:2 | namelastname112: из итемов
 49425 | Depths:2 | oplop: а я откуда знаю, лол
 49425 | Depths:2 | namelastname112: ну типа
 49425 | Depths:2 | namelastname112: лол
 49425 | Depths:3 | namelastname112: должен был увидеть
 49428 | Depths:3 | namelastname112: черз аа
 49429 | Depths:3 | namelastname112: ой
 49430 | Depths:3 | namelastname112: аб
 49537 | Depths:3 | oplop: ??obsidian statue
 49537 | Depths:3 | beem: obsidian statue[1/1]: Summons the weaker demons (5, 4, and 3). Can't see invisible but that doesn't prevent it from summoning things that do. Enjoy your sixfirhies. Previously known as a silver statue.
 49551 | Depths:3 | oplop: чет меня рубит уже пиздец
 49551 | Depths:3 | oplop: пойду спатки
 49551 | Depths:3 | namelastname112: давай
 49551 | Depths:3 | namelastname112: спокойных
 49737 | Depths:3 | Noticed a caustic shrike
 49803 | Depths:3 | Killed a caustic shrike
 49895 | Depths:3 | Identified the +10 plate armour of Gouh {-Cast MR+ Str+7 Dex+2}
 49895 | Depths:3 | Identified the +6 scale mail of Oguib {rPois} (You found it on level 3 of the Elven Halls)
 49895 | Depths:3 | Identified the +2 ring mail "Kulual" {rC++ MR+ Int-4 Slay+2}
 49895 | Depths:3 | Identified the cursed +1 ring mail of Liberalism {rF+ MR+ Regen+}
 49895 | Depths:3 | Identified the +1 chain mail "Ysihan" {+Fly Stlth+} (You found it on level 5 of the Lair of Beasts)
 49895 | Depths:3 | Identified the cursed +0 chain mail of Neynosm {MR+ Str+4} (You found it on level 1 of the Swamp)
 49895 | Depths:3 | Identified the +1 ring mail of Vell {rElec rF+} (You found it on level 1 of the Spider Nest)
 50170 | Orc:2    | Bought a manual of Fighting for 1435 gold pieces
 50567 | Depths:3 | Found a gateway to a ziggurat.
 50995 | Hell     | Entered the Vestibule of Hell
 50995 | Hell     | Noticed Geryon
 51812 | Hell     | Killed Geryon
 51812 | Hell     | Reached skill level 17 in Dodging
 51818 | Hell     | HP: 4/165 [salamander stormcaller/great blast of fire (26)]
 51820 | Hell     | Slain by a salamander stormcaller

Skill      XL: |  1  2  3  4  5  6  7  8  9 10 11 12 13 14 15 16 17 18 19 20 21 22 |
---------------+-------------------------------------------------------------------+-----
Stealth        | 5 6 7 8 9 10 11 12 15 16 | 16.5
Dodging        | 3 4 5 6 7 8 9 10 12 14 15 17 | 17.0
Hexes          | 5 6 7 8 9 10 12 14 | 14.4
Spellcasting   | 3 4 5 6 7 9 11 12 14 | 14.9
Short Blades   | 2 4 5 6 7 10 13 14 | 14.2
Fighting       | 1 4 5 6 7 8 9 11 | 11.8
Ice Magic      | 2 |  2.6
Summonings     | 4 8 10 12 | 12.6
Charms         | 5 8 9 |  9.5
Translocations | 4 6 7 9 |  9.1
Shields        | 3 6 8 |  8.7
Throwing       | 3 7 8 9 11 12 13 15 | 15.3
Air Magic      | 4 |  4.2

Action                   |  1- 3 |  4- 6 |  7- 9 | 10-12 | 13-15 | 16-18 | 19-21 | 22-24 || total
-------------------------+-------+-------+-------+-------+-------+-------+-------+-------++-------
Melee: Dagger            |    92 |   130 |   189 |   978 |  1484 |       |   445 |   454 ||  3772
       Bite              |     9 |    13 |    27 |   132 |   257 |   180 |   250 |   104 ||   972
       Short sword       |       |       |   113 |   255 |    50 |       |       |       ||   418
       Headbutt          |       |       |       |   121 |   450 |   300 |   453 |   166 ||  1490
       Rapier            |       |       |       |       |   496 |  1310 |   986 |       ||  2792
Throw: Throwing net      |       |       |       |       |       |     7 |     1 |       ||     8
 Cast: Corona            |     2 |       |       |       |       |       |       |       ||     2
       Ensorcelled Hiber |     4 |     5 |    31 |   132 |   161 |   206 |    50 |     9 ||   598
       Confuse           |       |     6 |    25 |    85 |    51 |    63 |    92 |    60 ||   382
       Tukima's Dance    |       |       |    10 |    20 |    10 |     2 |       |     4 ||    46
       Dazzling Spray    |       |       |       |    15 |    50 |   117 |    92 |    17 ||   291
       Summon Mana Viper |       |       |       |    10 |    62 |    35 |    12 |       ||   119
       Warp Weapon       |       |       |       |       |    11 |       |       |       ||    11
       Invisibility      |       |       |       |       |     4 |    16 |    12 |     7 ||    39
       Repel Missiles    |       |       |       |       |     1 |     3 |       |       ||     4
       Blink             |       |       |       |       |       |     7 |     6 |     3 ||    16
       Apportation       |       |       |       |       |       |     8 |     2 |    16 ||    26
       Monstrous Menager |       |       |       |       |       |       |    41 |    25 ||    66
       Malign Gateway    |       |       |       |       |       |       |    11 |     5 ||    16
       Deflect Missiles  |       |       |       |       |       |       |     1 |       ||     1
Invok: Curse Item        |       |       |       |       |     2 |     3 |     4 |       ||     9
       Scrying           |       |       |       |       |     2 |     3 |     7 |     2 ||    14
 Abil: End Transformatio |       |     1 |     3 |     9 |     1 |     8 |     2 |       ||    24
       Bat Form          |       |     1 |     3 |     9 |     1 |     8 |     2 |       ||    24
Evoke: Wand              |       |       |       |     6 |     1 |     1 |     1 |       ||     9
  Use: Scroll            |       |     5 |       |    18 |    11 |    14 |     2 |     6 ||    56
       Potion            |       |       |     2 |    13 |     7 |    13 |     2 |    11 ||    48
 Stab: Sleeping          |    11 |    19 |    35 |   119 |   181 |   147 |   147 |    19 ||   678
       Confused          |       |     3 |    18 |    38 |    24 |    36 |    59 |    26 ||   204
       Distracted        |       |       |     4 |     9 |    25 |    16 |    25 |    13 ||    92
       Invisible         |       |       |       |       |    34 |   165 |   110 |    46 ||   355
       Held in net/web   |       |       |       |       |       |     1 |     1 |       ||     2
       Paralysed         |       |       |       |       |       |       |       |     1 ||     1
  Eat: Corpse            |     1 |       |     1 |       |       |       |       |       ||     2
Armor: Robe              |    23 |    23 |    70 |   205 |   229 |   195 |   144 |    60 ||   949
Dodge: Dodged            |    56 |    71 |   184 |  1000 |  1539 |  1502 |  1015 |   601 ||  5968
       Deflected         |       |       |       |       |     3 |     4 |    29 |     9 ||    45
Block: Buckler           |       |       |       |       |   506 |   523 |   406 |   220 ||  1655
